Workbook

Sheet Orçamento
A2: ESTADO DE MATO GROSSO DO SUL
A3: MUNICÍPIO DE CORUMBÁ
A4: .
A5: Orçamento Inicial - Método Truncado
A7: Objeto: | B7: RESTAURAÇÃO DO ANTIGO PRESÍDIO - CASA DO ARTESÃO
A8: Município: | B8: Corumbá/MS
A9: Local: | B9: Rua Dom Aquino, Centro, Nº 405 - CASA DO ARTESÃO
A10: BDI: | B10: BDI ONERADO CONSTRUÇÃO CIVIL (22,86%), BDI 15,07% Material (15,07%)
A11: Prazo exec.: | B11: 12 meses
A12: Sist./Ref.: | B12: CORUMBÁ CIVIL (dez/2024), SINAPI - Sist. Nac. de Pesq. de Custos e Índ. da Const. Civil (dez/2024)
A13: Item | B13: Descrição | C13: DMT | D13: Unid. | E13: Qtde. | F13: Custo Unitário | G13: Preço Unitário | H13: Preço Total
A14: Cód. Oficial
A15: 01 | B15: ADMINISTRAÇÃO LOCAL
A16: 01.01 | B16: EQUIPE DE PROFISSIONAIS
A17: 01.01.01 94295 | B17: Mestre de obras com encargos complementares | D17: mês | E17: 12 | F17: 5588.4 | G17: =TRUNC(F17*(1+22.86/100),2) -> 6865.9 | H17: =E17*G17 -> 82390.8
A18: 01.01.02 93567 | B18: Engenheiro civil de obra pleno com encargos complementares (COM EXPERIÊNCIA NA EXECUÇÃO DE SERVIÇOS DE RESTAURAÇÕES EM MONUMENTOS E EDIFICAÇÕES TOMBADAS COMO PATRIMÔNIO CULTURAL) | D18: mês | E18: 12 | F18: 21495.47 | G18: =TRUNC(F18*(1+22.86/100),2) -> 26409.33 | H18: =E18*G18 -> 316911.96
A19: 01.01.03 93563 | B19: Almoxarife com encargos complementares | D19: mês | E19: 12 | F19: 3869.11 | G19: =TRUNC(F19*(1+22.86/100),2) -> 4753.58 | H19: =E19*G19 -> 57042.96
A20: 01.01.04 0221780 | B20: VIGIA NOTURNO COM ENCARGOS COMPLEMENTARES - REF SETOP ED-21780 10/2024; | D20: mês | E20: 12 | F20: 5144.48 | G20: =TRUNC(F20*(1+22.86/100),2) -> 6320.5 | H20: =E20*G20 -> 75846
A21: 01.01.05 101460 | B21: Vigia diurno com encargos complementares | D21: mês | E21: 12 | F21: 3705.05 | G21: =TRUNC(F21*(1+22.86/100),2) -> 4552.02 | H21: =E21*G21 -> 54624.24
A22: 01.01.06 93572 | B22: Encarregado geral de obras com encargos complementares | D22: mês | E22: 12 | F22: 4421.53 | G22: =TRUNC(F22*(1+22.86/100),2) -> 5432.29 | H22: =E22*G22 -> 65187.48
A23: 01.01.07 93564 | B23: Apontador ou apropriador com encargos complementares | D23: mês | E23: 12 | F23: 3785.51 | G23: =TRUNC(F23*(1+22.86/100),2) -> 4650.87 | H23: =E23*G23 -> 55810.44
A24: 01.01.08 100321 | B24: Técnico em segurança do trabalho com encargos complementares | D24: mês | E24: 12 | F24: 5471.45 | G24: =TRUNC(F24*(1+22.86/100),2) -> 6722.22 | H24: =E24*G24 -> 80666.64
A25: 01.02 | B25: PLANOS, PROGRAMAS E MANUAIS
A26: 01.02.01 01100425 | B26: LAUDO DE VISTORIA CAUTELAR DE VIZINHANÇA | D26: un | E26: 1 | F26: 3696.6 | G26: =TRUNC(F26*(1+22.86/100),2) -> 4541.64 | H26: =E26*G26 -> 4541.64
A27: 01.02.02 01150425 | B27: ELABORAÇÃO E IMPLANTAÇÃO DO PLANO DE GERENCIAMENTO DE RISCOS (PGR) | D27: un | E27: 1 | F27: 3192.03 | G27: =TRUNC(F27*(1+22.86/100),2) -> 3921.72 | H27: =E27*G27 -> 3921.72
A28: 01.02.03 03080425 | B28: ELABORAÇÃO DO PLANO DE GERENCIAMENTO DE RESÍDUOS DE CONSTRUÇÃO CIVIL (PGRCC) - REF SETOP CO-19622 | D28: un | E28: 1 | F28: 6250.07 | G28: =TRUNC(F28*(1+22.86/100),2) -> 7678.83 | H28: =E28*G28 -> 7678.83
A29: 01.02.04 03150425 | B29: CONTROLE TECNOLOGICO DE CONCRETOS - REF SBC 000128 04/2025 | D29: m³ | E29: 116.51 | F29: 102.24 | G29: =TRUNC(F29*(1+22.86/100),2) -> 125.61 | H29: =E29*G29 -> 14634.821
A30: 01.02.05 07150425 | B30: ATESTADO PCMSO (NR7)- ANUAL - REF SBC 016691 04/2025 | D30: un | E30: 1 | F30: 300 | G30: =TRUNC(F30*(1+22.86/100),2) -> 368.58 | H30: =E30*G30 -> 368.58
A31: 01.03 | B31: TAXAS
A32: 01.03.01 02080425 | B32: ANOTAÇÃO DE RESPONSABILIDADE TÉCNICA (ART) PARA CONTRATO, OBRA OU SERVIÇO DE VALOR SUPERIOR A R$ 15.000,00, DE ACORDO COM TABELA VIGENTE CREA-MS | D32: un | E32: 1 | F32: 271.47 | G32: =TRUNC(F32*(1+22.86/100),2) -> 333.52 | H32: =E32*G32 -> 333.52
B33: Total - ADMINISTRAÇÃO LOCAL | H33: =SUM(H16:H32) -> 819959.63
A34: 02 | B34: MOBILIZAÇÃO E DESMOBILIZAÇÃO
A35: 02.01 | B35: MOBILIZAÇÃO
A36: 02.01.01 1014042025 | B36: MOBILIZACAO E DESMOBILIZACAO DE CONTAINER - REF AGESUL 0101001196 06/2024 | D36: un | E36: 2 | F36: 1089.96 | G36: =TRUNC(F36*(1+22.86/100),2) -> 1339.12 | H36: =E36*G36 -> 2678.24
A37: 02.02 | B37: DESMOBILIZAÇÃO
A38: 02.02.01 | B38: DEMOLIÇÕES DO CANTEIRO
A39: 02.02.01.01 0215042025 | B39: DESMOBILIZACAO C/ DESMONTAGEM DE BARRACAO E DEMAIS ELEMENTOS - REF SBC 210825 12/2024 ADAPTADO (central de armaduras e central de fôrmas;) | D39: m² | E39: 56 | F39: 33.34 | G39: =TRUNC(F39*(1+22.86/100),2) -> 40.96 | H39: =E39*G39 -> 2293.76
A40: 02.02.01.02 97665 | B40: Remoção de luminárias, de forma manual, sem reaproveitamento. Af_09/2023 | D40: un | E40: 4 | F40: 1.75 | G40: =TRUNC(F40*(1+22.86/100),2) -> 2.15 | H40: =E40*G40 -> 8.6
A41: 02.02.01.03 97660 | B41: Remoção de interruptores/tomadas elétricas, de forma manual, sem reaproveitamento. Af_09/2023 (TOMADA DO BEBEDOURO) | D41: un | E41: 1 | F41: 0.65 | G41: =TRUNC(F41*(1+22.86/100),2) -> 0.79 | H41: =E41*G41 -> 0.79
A42: 02.02.01.04 0315042025 | B42: Remoção de reservatório até 1000 litros - REF CPOS/CDHU 04.30.100 09/2024 ADAPTADO; | D42: un | E42: 1 | F42: 138.51 | G42: =TRUNC(F42*(1+22.86/100),2) -> 170.17
A43: 02.02.02 | B43: DEMOLIÇÕES LEVES DO CANTEIRO | H43: =E42*G42 -> 170.17
A44: 02.02.02.01 97637 | B44: Remoção de tapume/ chapas metálicas e de madeira, de forma manual, sem reaproveitamento. Af_09/2023 (tapume frente e portões de acesso) | D44: m² | E44: 145.84 | F44: 2.95 | G44: =TRUNC(F44*(1+22.86/100),2) -> 3.62 | H44: =E44*G44 -> 527.9408
A45: 02.02.02.02 104794 | B45: Remoção de cabos elétricos, com seção de 16 mm², forma manual, sem reaproveitamento. Af_09/2023 | D45: m | E45: 103 | F45: 0.94 | G45: =TRUNC(F45*(1+22.86/100),2) -> 1.15 | H45: =E45*G45 -> 118.45
B46: Total - MOBILIZAÇÃO E DESMOBILIZAÇÃO | H46: =SUM(H36:H45) -> 5797.9508
A47: 03 | B47: CANTEIRO DE OBRAS
A48: 03.01 101502 | B48: Entrada de energia elétrica, aérea, bifásica, com caixa de embutir, cabo de 16 mm2 e disjuntor din 50a (não incluso o poste de concreto). Af_07/2020_ps (ENTRADA PROVISÓRIA DE ENERGIA PARA OBRA) | D48: un | E48: 1 | F48: 1820.23 | G48: =TRUNC(F48*(1+22.86/100),2) -> 2236.33 | H48: =E48*G48 -> 2236.33
A49: 03.02 10776 | B49: Locacao de container 2,30 x 6,00 m, alt. 2,50 m, para escritorio, sem divisorias internas e sem sanitario (nao inclui mobilizacao/desmobilizacao) | D49: mês | E49: 6 | F49: 650.39 | G49: =TRUNC(F49*(1+22.86/100),2) -> 799.06 | H49: =E49*G49 -> 4794.36
A50: 03.03 10776 | B50: Locacao de container 2,30 x 6,00 m, alt. 2,50 m, para escritorio, sem divisorias internas e sem sanitario (nao inclui mobilizacao/desmobilizacao) (almoxarifado) | D50: mês | E50: 6 | F50: 650.39 | G50: =TRUNC(F50*(1+22.86/100),2) -> 799.06 | H50: =E50*G50 -> 4794.36
A51: 03.04 97741 | B51: Kit cavalete para medição de água - entrada individualizada, em pvc 25 mm (3/4"), para 1 medidor - fornecimento e instalação (exclusive hidrômetro). Af_03/2024 (LIGAÇÃO PROVISÓRIA DE ÁGUA) | D51: un | E51: 1 | F51: 153.22 | G51: =TRUNC(F51*(1+22.86/100),2) -> 188.24 | H51: =E51*G51 -> 188.24
A52: 03.05 103689 | B52: Fornecimento e instalação de placa de obra com chapa galvanizada e estrutura de madeira. Af_03/2022_ps (PLACA OBRA) | D52: m² | E52: 6 | F52: 455.49 | G52: =TRUNC(F52*(1+22.86/100),2) -> 559.61 | H52: =E52*G52 -> 3357.66
A53: 03.06 103689 | B53: Fornecimento e instalação de placa de obra com chapa galvanizada e estrutura de madeira. Af_03/2022_ps (PLACA IPHAN) | D53: m² | E53: 6 | F53: 455.49 | G53: =TRUNC(F53*(1+22.86/100),2) -> 559.61 | H53: =E53*G53 -> 3357.66
A54: 03.07 0111042025 | B54: EXECUCAO DE CENTRAL DE FORMAS, PRODUCAO DE ARGAMASSA OU CONCRETO EM CANTEIRO DE OBRAS, NAO INCLUSO MOBILIARIO, EQUIPAMENTOS, PISO DE CONCRETO E LASTRO- REF Adaptado AGESUL 0101001166 06/2024; | D54: m² | E54: 28 | F54: 634.9 | G54: =TRUNC(F54*(1+22.86/100),2) -> 780.03 | H54: =E54*G54 -> 21840.84
A55: 03.08 0114042025 | B55: Execução de central de armadura em canteiro de obra, não incluso mobiliário e equipamentos, exclusive lastro . REF SINAPI 93582 12/2023; | D55: m² | E55: 28 | F55: 193.21 | G55: =TRUNC(F55*(1+22.86/100),2) -> 237.37 | H55: =E55*G55 -> 6646.36
A56: 03.09 98461 | B56: Estrutura de madeira provisória para suporte de caixa dágua elevada de 1000 litros. Af_03/2024 | D56: un | E56: 1 | F56: 6196.89 | G56: =TRUNC(F56*(1+22.86/100),2) -> 7613.49 | H56: =E56*G56 -> 7613.49
A57: 03.10 102607 | B57: Caixa d´água em polietileno, 1000 litros - fornecimento e instalação. Af_06/2021 | D57: un | E57: 1 | F57: 438.27 | G57: =TRUNC(F57*(1+22.86/100),2) -> 538.45 | H57: =E57*G57 -> 538.45
A58: 03.11 98459 | B58: Tapume com telha metálica. Af_03/2024 | D58: m² | E58: 130 | F58: 81.86 | G58: =TRUNC(F58*(1+22.86/100),2) -> 100.57 | H58: =E58*G58 -> 13074.1
A59: 03.12 0314042025 | B59: PORTAO PARA TAPUME COM TELHA TRAPEZOIDAL EM ACO GALVANIZADO, ESP=0,5MM, EM ESTRUTURA DE MADEIRA, INCLUSIVE FERRAGENS REF AGESUL 0101001136 06/2023; | D59: m² | E59: 15.84 | F59: 125.54 | G59: =TRUNC(F59*(1+22.86/100),2) -> 154.23 | H59: =E59*G59 -> 2443.0032
... A68: 03.21 9314101 | B68: Ponto de tomadas incluindo eletroduto, rasgo, tomadas fornecimento e instalação (para bebedouro) | D68: un | E68: 1 | F68: 135.74 | G68: =TRUNC(F68*(1+22.86/100),2) -> 166.77 | H68: =E68*G68 -> 166.77
B69: Total - CANTEIRO DE OBRAS | H69: =SUM(H48:H68) -> 158617.84
A70: 04 | B70: SERVIÇOS PRELIMINARES
A71: 04.01 | B71: LIMPEZA DA ÁREA E LOCAÇÃO DA OBRA
A72: 04.01.01 99059 | B72: Locação convencional de obra, utilizando gabarito de tábuas corridas pontaletadas a cada 2,00m - 2 utilizações. Af_03/2024 (LOCAÇÃO DO GALPÃO, PASSARELA E ESTRUTURA DE APOIO A CAIXA DÁGUA) | D72: m | E72: 160.46 | F72: 60.51 | G72: =TRUNC(F72*(1+22.86/100),2) -> 74.34 | H72: =E72*G72 -> 11928.596
A73: 04.01.02 98519 | B73: Revolvimento e limpeza manual de solo. Af_07/2024 (REMOÇÃO DE CAMADA VEGETAL) | D73: m² | E73: 498.78 | F73: 3.62 | G73: =TRUNC(F73*(1+22.86/100),2) -> 4.44 | H73: =E73*G73 -> 2214.5832
A74: 04.01.03 99059 | B74: Locação convencional de obra, utilizando gabarito de tábuas corridas pontaletadas a cada 2,00m - 2 utilizações. Af_03/2024 (MURO DE ARRIMO) | D74: m | E74: 267.78 | F74: 60.51 | G74: =TRUNC(F74*(1+22.86/100),2) -> 74.34 | H74: =E74*G74 -> 19906.765
A75: 04.02 | B75: EPC - EQUIPAMENTOS DE PROTEÇÃO DA EQUIPE E ANDAIMES
A76: 04.02.01 101905 | B76: Extintor de incêndio portátil com carga de água pressurizada de 10 l, classe a - fornecimento e instalação. Af_10/2020_pe | D76: un | E76: 3 | F76: 241.62 | G76: =TRUNC(F76*(1+22.86/100),2) -> 296.85 | H76: =E76*G76 -> 890.55
A77: 04.02.02 101909 | B77: Extintor de incêndio portátil com carga de pqs de 6 kg, classe bc - fornecimento e instalação. Af_10/2020_pe | D77: un | E77: 6 | F77: 272.87 | G77: =TRUNC(F77*(1+22.86/100),2) -> 335.24 | H77: =E77*G77 -> 2011.44
A78: 04.02.03 91935 | B78: Cabo de cobre flexível isolado, 16 mm², anti-chama 0,6/1,0 kv, para circuitos terminais - fornecimento e instalação. Af_03/2023 (CABO PARA ATERRAMENTO DOS CONTEINERS ATÉ HASTE DA LIGAÇÃO PROVISÓRIA DE ENERGIA) | D78: m | E78: 103 | F78: 25.8 | G78: =TRUNC(F78*(1+22.86/100),2) -> 31.69 | H78: =E78*G78 -> 3264.07
A79: 04.02.04 93358 | B79: Escavação manual de vala. Af_09/2024 (ESCAVAÇÃO PARA LANÇAMENTO DE CABOS PARA ATERRAMENTO DOS CONTEINERS) | D79: m³ | E79: 9.27 | F79: 82.91 | G79: =TRUNC(F79*(1+22.86/100),2) -> 101.86 | H79: =E79*G79 -> 944.2422
A80: 04.02.05 93382 | B80: Reaterro manual de valas, com compactador de solos de percussão. Af_08/2023 | D80: m³ | E80: 9.27 | F80: 25.48 | G80: =TRUNC(F80*(1+22.86/100),2) -> 31.3 | H80: =E80*G80 -> 290.151
A81: 04.02.06 10527 | B81: Locacao de andaime metalico tubular de encaixe, tipo de torre, cada painel com largura de 1 ate 1,5 m e altura de *1,00* m, incluindo diagonal, barras de ligacao, sapatas ou rodizios e demais itens necessarios a montagem (nao inclui instalacao) | D81: mxmês | E81: 46.8 | F81: 38 | G81: =TRUNC(F81*(1+22.86/100),2) -> 46.68 | H81: =E81*G81 -> 2184.624
A82: 04.02.07 20193 | B82: Locacao de andaime metalico tipo fachadeiro, pecas com aproximadamente 1,20 m de largura e 2,0 m de altura, incluindo diagonais em x, barras de ligacao, sapatas e demais itens necessarios a montagem (nao inclui instalacao) | D82: m²xmês | E82: 360 | F82: 28.5 | G82: =TRUNC(F82*(1+22.86/100),2) -> 35.01 | H82: =E82*G82 -> 12603.6
A83: 04.02.08 97064 | B83: Montagem e desmontagem de andaime tubular tipo "torre" (exclusive andaime e limpeza). Af_03/2024 | D83: m | E83: 48 | F83: 27.91 | G83: =TRUNC(F83*(1+22.86/100),2) -> 34.29 | H83: =E83*G83 -> 1645.92
A84: 04.02.09 97063 | B84: Montagem e desmontagem de andaime modular fachadeiro, com piso metálico, para edifícios com multiplos pavimentos (exclusive andaime e limpeza). Af_03/2024 | D84: m² | E84: 729.6 | F84: 20.23 | G84: =TRUNC(F84*(1+22.86/100),2) -> 24.85 | H84: =E84*G84 -> 18130.56
B85: Total - SERVIÇOS PRELIMINARES | H85: =SUM(H72:H84) -> 76015.102
A86: 05 | B86: DEMOLIÇÕES E RETIRADAS
A87: 05.01 | B87: MOBILIÁRIOS E VEGETAÇÃO - A DEMOLIR
A88: 05.01.01 97644 | B88: Remoção de portas, de forma manual, sem reaproveitamento. Af_09/2023 | D88: m² | E88: 47.88 | F88: 9.27 | G88: =TRUNC(F88*(1+22.86/100),2) -> 11.38 | H88: =E88*G88 -> 544.8744
A89: 05.01.02 97645 | B89: Remoção de janelas, de forma manual, sem reaproveitamento. Af_09/2023 | D89: m² | E89: 13.08 | F89: 23.93 | G89: =TRUNC(F89*(1+22.86/100),2) -> 29.4 | H89: =E89*G89 -> 384.552
A90: 05.01.03 97663 | B90: Remoção de louças, de forma manual, sem reaproveitamento. Af_09/2023 | D90: un | E90: 11 | F90: 12.24 | G90: =TRUNC(F90*(1+22.86/100),2) -> 15.03 | H90: =E90*G90 -> 165.33
A91: 05.01.04 01290125 | B91: Remoção de luminárias, de forma manual, para restauração - REF SINAPI 97665 12/2024 | D91: un | E91: 4 | F91: 1.75 | G91: =TRUNC(F91*(1+22.86/100),2) -> 2.15 | H91: =E91*G91 -> 8.6
A92: 05.01.05 98527 | B92: Remoção de raízes remanescentes de tronco de árvore com diâmetro maior ou igual a 0,40 m e menor que 0,60 m. Af_03/2024 | D92: un | E92: 5 | F92: 216.61 | G92: =TRUNC(F92*(1+22.86/100),2) -> 266.12 | H92: =E92*G92 -> 1330.6
A93: 05.01.06 98530 | B93: Corte raso e recorte de árvore com diâmetro de tronco maior ou igual a 0,40 m e menor que 0,60 m. Af_03/2024 | D93: un | E93: 8 | F93: 145.32 | G93: =TRUNC(F93*(1+22.86/100),2) -> 178.54 | H93: =E93*G93 -> 1428.32
A94: 05.01.07 98531 | B94: Corte raso e recorte de árvore com diâmetro de tronco maior ou igual a 0,60 m. Af_03/2024 | D94: un | E94: 2 | F94: 387.23 | G94: =TRUNC(F94*(1+22.86/100),2) -> 475.75 | H94: =E94*G94 -> 951.5
A95: 05.01.08 0725022025 | B95: Remoção cuidadosa de esculturas e porteiras de madeira; | D95: un | E95: 5 | F95: 47 | G95: =TRUNC(F95*(1+22.86/100),2) -> 57.74 | H95: =E95*G95 -> 288.7
A96: 05.02 | B96: PAVIMENTOS - A DEMOLIR
A97: 05.02.01 104790 | B97: Demolição de piso de concreto simples, de forma mecanizada com martelete, sem reaproveitamento. Af_09/2023 | D97: m³ | E97: 116.21 | F97: 114.55 | G97: =TRUNC(F97*(1+22.86/100),2) -> 140.73 | H97: =E97*G97 -> 16354.233
A98: 05.02.02 97635 | B98: Remoção de piso de bloco intertravado ou de pedra portuguesa, de forma manual, com reaproveitamento. Af_09/2023 (REMOÇÃO DE PISO SEXTAVADO) | D98: m² | E98: 1652.7 | F98: 15.97 | G98: =TRUNC(F98*(1+22.86/100),2) -> 19.62 | H98: =E98*G98 -> 32425.974
A99: 05.02.03 9102202403 | B99: DEMOLIÇÃO DE LADRILHO HIDRÁULLICO SOBRE LASTRO DE CONCRETO | D99: m² | E99: 17.54 | F99: 32.56 | G99: =TRUNC(F99*(1+22.86/100),2) -> 40 | H99: =E99*G99 -> 701.6
A100: 05.02.04 104796 | B100: Demolição de guias, sarjetas ou sarjetões, de forma mecanizada, sem reaproveitamento. Af_09/2023 | D100: m | E100: 177.75 | F100: 14.15 | G100: =TRUNC(F100*(1+22.86/100),2) -> 17.38 | H100: =E100*G100 -> 3089.295
A101: 05.02.05 97634 | B101: Demolição de revestimento cerâmico, de forma mecanizada com martelete, sem reaproveitamento. Af_09/2023 (REMOÇÃO DE PLACA CIMENTICIA) | D101: m² | E101: 12.1 | F101: 6.97 | G101: =TRUNC(F101*(1+22.86/100),2) -> 8.56 | H101: =E101*G101 -> 103.576
A102: 05.03 | B102: COBERTURAS - A DEMOLIR
A103: 05.03.01 97647 | B103: Remoção de telhas de fibrocimento metálica e cerâmica, de forma manual, sem reaproveitamento. Af_09/2023 (REMOÇÃO DE TELHA CERÂMICA) | D103: m² | E103: 286.35 | F103: 3.44 | G103: =TRUNC(F103*(1+22.86/100),2) -> 4.22 | H103: =E103*G103 -> 1208.397
A104: 05.03.02 97647 | B104: Remoção de telhas de fibrocimento metálica e cerâmica, de forma manual, sem reaproveitamento. Af_09/2023 (REMOÇÃO DE TELHA DE FIBROCIMENTO) | D104: m² | E104: 168.41 | F104: 3.44 | G104: =TRUNC(F104*(1+22.86/100),2) -> 4.22 | H104: =E104*G104 -> 710.6902
A105: 05.03.03 COB005 | B105: REMOÇÃO DE CALHAS, RUFOS E PINGADEIRAS COM REAPROVEITAMENTO | D105: m | E105: 203.97 | F105: 1.8 | G105: =TRUNC(F105*(1+22.86/100),2) -> 2.21 | H105: =E105*G105 -> 450.7737
A106: 05.03.04 97662 | B106: Remoção de tubulações (tubos e conexões) de água fria, de forma manual, sem reaproveitamento. Af_09/2023 (REMOÇÃO DE TUBOS DE QUEDA) | D106: m | E106: 40.2 | F106: 0.48 | G106: =TRUNC(F106*(1+22.86/100),2) -> 0.58 | H106: =E106*G106 -> 23.316
A107: 05.03.05 1025022025 | B107: Remoção de cacos de vidro em muro existente; | D107: m² | E107: 12.83 | F107: 23.21 | G107: =TRUNC(F107*(1+22.86/100),2) -> 28.51 | H107: =E107*G107 -> 365.7833
A108: 05.04 | B108: FECHAMENTOS E REVESTIMENTOS - A DEMOLIR
A109: 05.04.01 97622 | B109: Demolição de alvenaria de bloco furado, de forma manual, sem reaproveitamento. Af_09/2023 | D109: m³ | E109: 40.71 | F109: 55.24 | G109: =TRUNC(F109*(1+22.86/100),2) -> 67.86 | H109: =E109*G109 -> 2762.5806
A110: 05.04.02 97633 | B110: Demolição de revestimento cerâmico, de forma manual, sem reaproveitamento. Af_09/2023 | D110: m² | E110: 43.25 | F110: 22.17 | G110: =TRUNC(F110*(1+22.86/100),2) -> 27.23 | H110: =E110*G110 -> 1177.6975
...

Sheet Cronograma
A6: ESTADO DE MATO GROSSO DO SUL
A7: MUNICÍPIO DE CORUMBÁ
A8: .
A10: Cronograma Físico-Financeiro - Inicial
B11: Objeto: RESTAURAÇÃO DO ANTIGO PRESÍDIO - CASA DO ARTESÃO
B12: Município(s): Corumbá (MS)
B13: Local: Rua Dom Aquino - Centro - Nº 405 - CASA DO ARTESÃO
B14: Prazo Execução: 12 meses
C15: Etapas de Execução / Desembolso
A16: Descrição | C16: 1 ª | D16: 2 ª | E16: 3 ª | F16: 4 ª | G16: 5 ª | H16: 6 ª | I16: 7 ª | J16: 8 ª | K16: 9 ª | L16: 10 ª | M16: 11 ª | N16: 12 ª | O16: Total Acumulado
A17: 01 - ADMINISTRAÇÃO LOCAL | C17: 0.0085 | D17: 0.028 | E17: 0.0578 | F17: 0.1006 | G17: 0.1412 | H17: 0.1174 | I17: 0.0797 | J17: 0.0794 | K17: 0.0948 | L17: 0.1394 | M17: 0.1114 | N17: 0.0418 | O17: =SUM(C17:N17) -> 1
B18: =Orçamento!H33 -> 819959.63 | C18: =$B$18*C17 -> 6969.6569 | D18: =$B$18*D17 -> 22958.87 | E18: =$B$18*E17 -> 47393.667 | F18: =$B$18*F17 -> 82487.939 | G18: =$B$18*G17 -> 115778.3 | H18: =$B$18*H17 -> 96263.261 | I18: =$B$18*I17 -> 65350.783 | J18: =$B$18*J17 -> 65104.795 | ... N18: =$B$18*N17 -> 34274.313 | O18: =SUM(C18:N18) -> 819959.63
A19: 02 - MOBILIZAÇÃO E DESMOBILIZAÇÃO | C19: 0.231 | I19: 0.2309 | N19: 0.5381 | O19: =SUM(C19:N19) -> 1
B20: =Orçamento!H46 -> 5797.9508 | C20: =$B$20*C19 -> 1339.3266 | I20: =$B$20*I19 -> 1338.7468 | N20: =$B$20*N19 -> 3119.8773 | O20: =SUM(C20:N20) -> 5797.9508
A21: 03 - CANTEIRO DE OBRAS | C21: 0.0833 | D21: 0.0833 | E21: 0.0833 | F21: 0.0833 | G21: 0.0833 | H21: 0.0833 | I21: 0.0833 | J21: 0.0833 | K21: 0.0833 | L21: 0.0833 | M21: 0.0833 | N21: 0.0837 | O21: =SUM(C21:N21) -> 1
B22: =Orçamento!H69 -> 158617.84 | C22: =$B$22*C21 -> 13212.866 | D22: =$B$22*D21 -> 13212.866 | E22: =$B$22*E21 -> 13212.866 | F22: =$B$22*F21 -> 13212.866 | G22: =$B$22*G21 -> 13212.866 | H22: =$B$22*H21 -> 13212.866 | I22: =$B$22*I21 -> 13212.866 | J22: =$B$22*J21 -> 13212.866 | ... N22: =$B$22*N21 -> 13276.313 | O22: =SUM(C22:N22) -> 158617.84
A23: 04 - SERVIÇOS PRELIMINARES | C23: 0.0833 | D23: 0.0833 | E23: 0.0833 | F23: 0.0833 | G23: 0.0833 | H23: 0.0833 | I23: 0.0833 | J23: 0.0833 | K23: 0.0833 | L23: 0.0833 | M23: 0.0833 | N23: 0.0837 | O23: =SUM(C23:N23) -> 1
B24: =Orçamento!H85 -> 76015.102 | C24: =$B$24*C23 -> 6332.058 | D24: =$B$24*D23 -> 6332.058 | E24: =$B$24*E23 -> 6332.058 | F24: =$B$24*F23 -> 6332.058 | G24: =$B$24*G23 -> 6332.058 | H24: =$B$24*H23 -> 6332.058 | I24: =$B$24*I23 -> 6332.058 | J24: =$B$24*J23 -> 6332.058 | ... N24: =$B$24*N23 -> 6362.464 | O24: =SUM(C24:N24) -> 76015.102
A25: 05 - DEMOLIÇÕES E RETIRADAS | C25: 0.1111 | D25: 0.1111 | E25: 0.1111 | F25: 0.1111 | G25: 0.1111 | H25: 0.1111 | I25: 0.1111 | J25: 0.1111 | K25: 0.1112 | O25: =SUM(C25:N25) -> 1
B26: =Orçamento!H119 -> 108487.53 | C26: =$B$26*C25 -> 12052.965 | D26: =$B$26*D25 -> 12052.965 | E26: =$B$26*E25 -> 12052.965 | F26: =$B$26*F25 -> 12052.965 | G26: =$B$26*G25 -> 12052.965 | H26: =$B$26*H25 -> 12052.965 | I26: =$B$26*I25 -> 12052.965 | J26: =$B$26*J25 -> 12052.965 | K26: =$B$26*K25 -> 12063.814 | O26: =SUM(C26:N26) -> 108487.53
A27: 06 - ESTRUTURA | E27: 0.1157 | F27: 0.2246 | G27: 0.2245 | H27: 0.1089 | L27: 0.1632 | M27: 0.1631 | O27: =SUM(C27:N27) -> 1
B28: =Orçamento!H226 -> 833235.41 | E28: =$B$28*E27 -> 96405.337 | F28: =$B$28*F27 -> 187144.67 | G28: =$B$28*G27 -> 187061.35 | H28: =$B$28*H27 -> 90739.337 | L28: =$B$28*L27 -> 135984.02 | M28: =$B$28*M27 -> 135900.7 | O28: =SUM(C28:N28) -> 833235.41
A29: 07 - COBERTURA | F29: 0.25 | G29: 0.15 | H29: 0.15 | L29: 0.45 | O29: =SUM(C29:N29) -> 1
B30: =Orçamento!H235 -> 142610.69 | F30: =$B$30*F29 -> 35652.672 | G30: =$B$30*G29 -> 21391.603 | H30: =$B$30*H29 -> 21391.603 | L30: =$B$30*L29 -> 64174.809 | O30: =SUM(C30:N30) -> 142610.69
A31: 08 - VEDAÇÃO | E31: 0.11 | F31: 0.1 | G31: 0.1 | H31: 0.1 | I31: 0.15 | J31: 0.15 | K31: 0.15 | L31: 0.14 | O31: =SUM(C31:N31) -> 1
B32: =Orçamento!H246 -> 119380.91 | E32: =$B$32*E31 -> 13131.9 | F32: =$B$32*F31 -> 11938.091 | G32: =$B$32*G31 -> 11938.091 | H32: =$B$32*H31 -> 11938.091 | I32: =$B$32*I31 -> 17907.137 | J32: =$B$32*J31 -> 17907.137 | K32: =$B$32*K31 -> 17907.137 | L32: =$B$32*L31 -> 16713.328 | O32: =SUM(C32:N32) -> 119380.91
A33: 09 - INSTALAÇÕES | D33: 0.1 | E33: 0.1 | F33: 0.1 | G33: 0.1 | H33: 0.1 | I33: 0.1 | J33: 0.1 | K33: 0.1 | L33: 0.1 | M33: 0.1 | O33: =SUM(C33:N33) -> 1
B34: =Orçamento!H580 -> 780158.02 | D34: =$B$34*D33 -> 78015.802 | E34: =$B$34*E33 -> 78015.802 | F34: =$B$34*F33 -> 78015.802 | G34: =$B$34*G33 -> 78015.802 | H34: =$B$34*H33 -> 78015.802 | I34: =$B$34*I33 -> 78015.802 | J34: =$B$34*J33 -> 78015.802 | K34: =$B$34*K33 -> 78015.802 | ... M34: =$B$34*M33 -> 78015.802 | O34: =SUM(C34:N34) -> 780158.02
A35: 10 - ESQUADRIAS | F35: 0.125 | G35: 0.125 | H35: 0.125 | I35: 0.125 | J35: 0.125 | K35: 0.125 | L35: 0.125 | M35: 0.125 | O35: =SUM(C35:N35) -> 1
B36: =Orçamento!H622 -> 405534.12 | F36: =$B$36*F35 -> 50691.765 | G36: =$B$36*G35 -> 50691.765 | H36: =$B$36*H35 -> 50691.765 | I36: =$B$36*I35 -> 50691.765 | J36: =$B$36*J35 -> 50691.765 | K36: =$B$36*K35 -> 50691.765 | L36: =$B$36*L35 -> 50691.765 | M36: =$B$36*M35 -> 50691.765 | O36: =SUM(C36:N36) -> 405534.12
A37: 11 - REVESTIMENTO DE PAREDE E TETO | G37: 0.1667 | H37: 0.1667 | I37: 0.1667 | J37: 0.1667 | K37: 0.1667 | L37: 0.1665 | O37: =SUM(C37:N37) -> 1
B38: =Orçamento!H637 -> 256105.97 | G38: =$B$38*G37 -> 42692.866 | H38: =$B$38*H37 -> 42692.866 | I38: =$B$38*I37 -> 42692.866 | J38: =$B$38*J37 -> 42692.866 | K38: =$B$38*K37 -> 42692.866 | L38: =$B$38*L37 -> 42641.645 | O38: =SUM(C38:N38) -> 256105.97
A39: 12 - REVESTIMENTO DE PISO | G39: 0.1667 | H39: 0.1667 | I39: 0.1667 | J39: 0.1667 | K39: 0.1667 | L39: 0.1665 | O39: =SUM(C39:N39) -> 1
B40: =Orçamento!H658 -> 479253.82 | G40: =$B$40*G39 -> 79891.611 | H40: =$B$40*H39 -> 79891.611 | I40: =$B$40*I39 -> 79891.611 | J40: =$B$40*J39 -> 79891.611 | K40: =$B$40*K39 -> 79891.611 | L40: =$B$40*L39 -> 79795.761 | O40: =SUM(C40:N40) -> 479253.82
A41: 13 - PINTURA | H41: 0.1 | I41: 0.1 | J41: 0.1 | K41: 0.15 | L41: 0.15 | M41: 0.25 | N41: 0.15 | O41: =SUM(C41:N41) -> 1
B42: =Orçamento!H670 -> 102318.55 | H42: =$B$42*H41 -> 10231.855 | I42: =$B$42*I41 -> 10231.855 | J42: =$B$42*J41 -> 10231.855 | K42: =$B$42*K41 -> 15347.783 | L42: =$B$42*L41 -> 15347.783 | M42: =$B$42*M41 -> 25579.638 | N42: =$B$42*N41 -> 15347.783 | O42: =SUM(C42:N42) -> 102318.55
A43: 14 - LOUÇAS E METAIS | G43: 0.25 | H43: 0.25 | K43: 0.25 | L43: 0.25 | O43: =SUM(C43:N43) -> 1
B44: =Orçamento!H698 -> 173927.22 | G44: =$B$44*G43 -> 43481.806 | H44: =$B$44*H43 -> 43481.806 | K44: =$B$44*K43 -> 43481.806 | L44: =$B$44*L43 -> 43481.806 | O44: =SUM(C44:N44) -> 173927.22
A45: 15 - PAISAGISMO | M45: 0.5 | N45: 0.5 | O45: =SUM(C45:N45) -> 1
B46: =Orçamento!H726 -> 83583.541 | M46: =$B$46*M45 -> 41791.771 | N46: =$B$46*N45 -> 41791.771 | O46: =SUM(C46:N46) -> 83583.541
A47: 16 - CLIMATIZAÇÃO | K47: 0.25 | L47: 0.25 | M47: 0.5 | O47: =SUM(C47:N47) -> 1
B48: =Orçamento!H735 -> 46373.6 | K48: =$B$48*K47 -> 11593.4 | L48: =$B$48*L47 -> 11593.4 | M48: =$B$48*M47 -> 23186.8 | O48: =SUM(C48:N48) -> 46373.6
A49: 17 - SERVIÇOS COMPLEMENTARES | M49: 0.5 | N49: 0.5 | O49: =SUM(C49:N49) -> 1
B50: =Orçamento!H747 -> 105553.33 | M50: =$B$50*M49 -> 52776.664 | N50: =$B$50*N49 -> 52776.664 | O50: =SUM(C50:N50) -> 105553.33
A51: 18 - COMUNICAÇÃO VISUAL | N51: 1 | O51: =SUM(C51:N51) -> 1
B52: =Orçamento!H758 -> 14624.52 | N52: =$B$52*N51 -> 14624.52 | O52: =SUM(C52:N52) -> 14624.52
A53: 19 - LIMPEZA | N53: 1 | O53: =SUM(C53:N53) -> 1
B54: =Orçamento!H762 -> 14658.884 | N54: =$B$54*N53 -> 14658.884 | O54: =SUM(C54:N54) -> 14658.884
A55: TOTAL POR PERÍODO TOTAL ACUMULADO ATÉ O PERÍODO | C55: =SUM(C18,C20,C22,C24,C26,C28,C30,C32,C34,C36,C38,C40,C42,C44,C46,C48,C50,C52,C54) -> 39906.873 | D55: =SUM(D18,D20,D22,D24,D26,D28,D30,D32,D34,D36,D38,D40,D42,D44,D46,D48,D50,D52,D54) -> 132572.56 | E55: =SUM(E18,E20,E22,E24,E26,E28,E30,E32,E34,E36,E38,E40,E42,E44,E46,E48,E50,E52,E54) -> 266544.6 | F55: =SUM(F18,F20,F22,F24,F26,F28,F30,F32,F34,F36,F38,F40,F42,F44,F46,F48,F50,F52,F54) -> 477528.83 | G55: =SUM(G18,G20,G22,G24,G26,G28,G30,G32,G34,G36,G38,G40,G42,G44,G46,G48,G50,G52,G54) -> 662541.08 | H55: =SUM(H18,H20,H22,H24,H26,H28,H30,H32,H34,H36,H38,H40,H42,H44,H46,H48,H50,H52,H54) -> 556935.89 | I55: =SUM(I18,I20,I22,I24,I26,I28,I30,I32,I34,I36,I38,I40,I42,I44,I46,I48,I50,I52,I54) -> 377718.46 | J55: =SUM(J18,J20,J22,J24,J26,J28,J30,J32,J34,J36,J38,J40,J42,J44,J46,J48,J50,J52,J54) -> 376133.72 | ... N55: =SUM(N18,N20,N22,N24,N26,N28,N30,N32,N34,N36,N38,N40,N42,N44,N46,N48,N50,N52,N54) -> 196232.59 | O55: =SUM(C55:N55) -> 4726196.7
A56: TOTAL ACUMULADO ATÉ O PERÍODO | C56: =C55 -> 39906.873 | D56: =C56+D55 -> 172479.43 | E56: =D56+E55 -> 439024.03 | F56: =E56+F55 -> 916552.86 | G56: =F56+G55 -> 1579093.9 | H56: =G56+H55 -> 2136029.8 | I56: =H56+I55 -> 2513748.3 | J56: =I56+J55 -> 2889882 | K56: =J56+K55 -> 3338845.1 | ... N56: =M56+N55 -> 4726196.7

Sheet Composições Principais
A1: 94295 - Mestre de obras com encargos complementares ( mês )
A2: Sistema: SINAPI - Sist. Nac. de Pesq. de Custos e Índ. da Const. Civil - 01/12/2024
A3: Utilizado no(s) item(ns) 01.01.01
A4: Código | B4: Descrição | C4: Unidade | D4: Quantidade | E4: Utilização Operativa | F4: Utilização Improdutiva | G4: Valor Operativo | H4: Valor Improdutivo | I4: Valor Item
A5: 40863 | B5: Exames - mensalista (coletado caixa - encargos complementares) | C5: mês | D5: 1 | E5: 1 | F5: 0 | G5: 252.08 | H5: 0 | I5: 252.08
A6: 40819 | B6: Mestre de obras (mensalista) | C6: mês | D6: 1 | E6: 1 | F6: 0 | G6: 4983.13 | H6: 0 | I6: 4983.13
A7: 40864 | B7: Seguro - mensalista (coletado caixa - encargos complementares) | C7: mês | D7: 1 | E7: 1 | F7: 0 | G7: 7.31 | H7: 0 | I7: 7.31
A8: 43499 | B8: Epi - família encarregado geral - mensalista (encargos complementares - coletado caixa) | C8: mês | D8: 1 | E8: 1 | F8: 0 | G8: 236.16 | H8: 0 | I8: 236.16
A9: 43475 | B9: Ferramentas - família encarregado geral - mensalista (encargos complementares - coletado caixa) | C9: mês | D9: 1 | E9: 1 | F9: 0 | G9: 18.73 | H9: 0 | I9: 18.73
A10: 95423 | B10: Curso de capacitação para mestre de obras (encargos complementares) - mensalista | C10: mês | D10: 1 | E10: 1 | F10: 0 | G10: 90.99 | H10: 0 | I10: 90.99
H11: Custo Unitário | I11: 5588.4
H12: BDI | I12: 22.86
H13: Preço Unitário | I13: 6865.9
A16: 93567 - Engenheiro civil de obra pleno com encargos complementares ( mês )
A17: Sistema: SINAPI - Sist. Nac. de Pesq. de Custos e Índ. da Const. Civil - 01/12/2024
A18: Utilizado no(s) item(ns) 01.01.02
A19: Código | B19: Descrição | C19: Unidade | D19: Quantidade | E19: Utilização Operativa | F19: Utilização Improdutiva | G19: Valor Operativo | H19: Valor Improdutivo | I19: Valor Item
A20: 40813 | B20: Engenheiro civil de obra pleno (mensalista) | C20: mês | D20: 1 | E20: 1 | F20: 0 | G20: 20828.83 | H20: 0 | I20: 20828.83
A21: 40863 | B21: Exames - mensalista (coletado caixa - encargos complementares) | C21: mês | D21: 1 | E21: 1 | F21: 0 | G21: 252.08 | H21: 0 | I21: 252.08
A22: 40864 | B22: Seguro - mensalista (coletado caixa - encargos complementares) | C22: mês | D22: 1 | E22: 1 | F22: 0 | G22: 7.31 | H22: 0 | I22: 7.31
A23: 43498 | B23: Epi - família engenheiro civil - mensalista (encargos complementares - coletado caixa) | C23: mês | D23: 1 | E23: 1 | F23: 0 | G23: 140.23 | H23: 0 | I23: 140.23
A24: 43474 | B24: Ferramentas - família engenheiro civil - mensalista (encargos complementares - coletado caixa) | C24: mês | D24: 1 | E24: 1 | F24: 0 | G24: 2.29 | H24: 0 | I24: 2.29
A25: 95417 | B25: Curso de capacitação para engenheiro civil de obra pleno (encargos complementares) - mensalista | C25: mês | D25: 1 | E25: 1 | F25: 0 | G25: 264.73 | H25: 0 | I25: 264.73
H26: Custo Unitário | I26: 21495.47
H27: BDI | I27: 22.86
H28: Preço Unitário | I28: 26409.33
A31: 93563 - Almoxarife com encargos complementares ( mês )
A32: Sistema: SINAPI - Sist. Nac. de Pesq. de Custos e Índ. da Const. Civil - 01/12/2024
A33: Utilizado no(s) item(ns) 01.01.03
A34: Código | B34: Descrição | C34: Unidade | D34: Quantidade | E34: Utilização Operativa | F34: Utilização Improdutiva | G34: Valor Operativo | H34: Valor Improdutivo | I34: Valor Item
A35: 40809 | B35: Almoxarife (mensalista) | C35: mês | D35: 1 | E35: 1 | F35: 0 | G35: 3435.75 | H35: 0 | I35: 3435.75
A36: 40863 | B36: Exames - mensalista (coletado caixa - encargos complementares) | C36: mês | D36: 1 | E36: 1 | F36: 0 | G36: 252.08 | H36: 0 | I36: 252.08
A37: 40864 | B37: Seguro - mensalista (coletado caixa - encargos complementares) | C37: mês | D37: 1 | E37: 1 | F37: 0 | G37: 7.31 | H37: 0 | I37: 7.31
A38: 43494 | B38: Epi - família almoxarife - mensalista (encargos complementares - coletado caixa) | C38: mês | D38: 1 | E38: 1 | F38: 0 | G38: 148.04 | H38: 0 | I38: 148.04
A39: 43470 | B39: Ferramentas - família almoxarife - mensalista (encargos complementares - coletado caixa) | C39: mês | D39: 1 | E39: 1 | F39: 0 | G39: 10.89 | H39: 0 | I39: 10.89
A40: 95413 | B40: Curso de capacitação para almoxarife (encargos complementares) - mensalista | C40: mês | D40: 1 | E40: 1 | F40: 0 | G40: 15.04 | H40: 0 | I40: 15.04
H41: Custo Unitário | I41: 3869.11
H42: BDI | I42: 22.86
H43: Preço Unitário | I43: 4753.58
A46: 0221780 - VIGIA NOTURNO COM ENCARGOS COMPLEMENTARES - REF SETOP ED-21780 10/2024; ( mês )
A47: Sistema: CORUMBÁ CIVIL - 01/12/2024
A48: Utilizado no(s) item(ns) 01.01.04
A49: Código | B49: Descrição | C49: Unidade | D49: Quantidade | E49: Utilização Operativa | F49: Utilização Improdutiva | G49: Valor Operativo | H49: Valor Improdutivo | I49: Valor Item
A50: 0121780 | B50: VIGIA NOTURNO COM ENCARGOS COMPLEMENTARES - REF SETOP ED-21781 10/2024; | C50: h | D50: 176 | E50: 1 | F50: 0 | G50: 29.23 | H50: 0 | I50: 5144.48
H51: Custo Unitário | I51: 5144.48
H52: BDI | I52: 22.86
H53: Preço Unitário | I53: 6320.5
A56: 101460 - Vigia diurno com encargos complementares ( mês )
A57: Sistema: SINAPI - Sist. Nac. de Pesq. de Custos e Índ. da Const. Civil - 01/12/2024
A58: Utilizado no(s) item(ns) 01.01.05
A59: Código | B59: Descrição | C59: Unidade | D59: Quantidade | E59: Utilização Operativa | F59: Utilização Improdutiva | G59: Valor Operativo | H59: Valor Improdutivo | I59: Valor Item
A60: 40862 | B60: Alimentacao - mensalista (coletado caixa - encargos complementares) | C60: mês | D60: 1 | E60: 1 | F60: 0 | G60: 390.81 | H60: 0 | I60: 390.81
A61: 40863 | B61: Exames - mensalista (coletado caixa - encargos complementares) | C61: mês | D61: 1 | E61: 1 | F61: 0 | G61: 252.08 | H61: 0 | I61: 252.08
A62: 40864 | B62: Seguro - mensalista (coletado caixa - encargos complementares) | C62: mês | D62: 1 | E62: 1 | F62: 0 | G62: 7.31 | H62: 0 | I62: 7.31
A63: 40861 | B63: Transporte - mensalista (coletado caixa - encargos complementares) | C63: mês | D63: 1 | E63: 1 | F63: 0 | G63: 190.8 | H63: 0 | I63: 190.8
A64: 41096 | B64: Vigia diurno (mensalista) | C64: mês | D64: 1 | E64: 1 | F64: 0 | G64: 2488.2 | H64: 0 | I64: 2488.2
A65: 43503 | B65: Epi - família servente - mensalista (encargos complementares - coletado caixa) | C65: mês | D65: 1 | E65: 1 | F65: 0 | G65: 250.24 | H65: 0 | I65: 250.24
A66: 43479 | B66: Ferramentas - família servente - mensalista (encargos complementares - coletado caixa) | C66: mês | D66: 1 | E66: 1 | F66: 0 | G66: 114.72 | H66: 0 | I66: 114.72
A67: 101372 | B67: Curso de capacitação para vigia diurno (encargos complementares) - mensalista | C67: mês | D67: 1 | E67: 1 | F67: 0 | G67: 10.89 | H67: 0 | I67: 10.89
H68: Custo Unitário | I68: 3705.05
H69: BDI | I69: 22.86
H70: Preço Unitário | I70: 4552.02
A73: 93572 - Encarregado geral de obras com encargos complementares ( mês )
A74: Sistema: SINAPI - Sist. Nac. de Pesq. de Custos e Índ. da Const. Civil - 01/12/2024
A75: Utilizado no(s) item(ns) 01.01.06
A76: Código | B76: Descrição | C76: Unidade | D76: Quantidade | E76: Utilização Operativa | F76: Utilização Improdutiva | G76: Valor Operativo | H76: Valor Improdutivo | I76: Valor Item
A77: 40818 | B77: Encarregado geral de obras (mensalista) | C77: mês | D77: 1 | E77: 1 | F77: 0 | G77: 3837.19 | H77: 0 | I77: 3837.19
A78: 40863 | B78: Exames - mensalista (coletado caixa - encargos complementares) | C78: mês | D78: 1 | E78: 1 | F78: 0 | G78: 252.08 | H78: 0 | I78: 252.08
A79: 40864 | B79: Seguro - mensalista (coletado caixa - encargos complementares) | C79: mês | D79: 1 | E79: 1 | F79: 0 | G79: 7.31 | H79: 0 | I79: 7.31
A80: 43499 | B80: Epi - família encarregado geral - mensalista (encargos complementares - coletado caixa) | C80: mês | D80: 1 | E80: 1 | F80: 0 | G80: 236.16 | H80: 0 | I80: 236.16
A81: 43475 | B81: Ferramentas - família encarregado geral - mensalista (encargos complementares - coletado caixa) | C81: mês | D81: 1 | E81: 1 | F81: 0 | G81: 18.73 | H81: 0 | I81: 18.73
A82: 95422 | B82: Curso de capacitação para encarregado geral de obras (encargos complementares) - mensalista | C82: mês | D82: 1 | E82: 1 | F82: 0 | G82: 70.06 | H82: 0 | I82: 70.06
H83: Custo Unitário | I83: 4421.53
H84: BDI | I84: 22.86
H85: Preço Unitário | I85: 5432.29
A88: 93564 - Apontador ou apropriador com encargos complementares ( mês )
A89: Sistema: SINAPI - Sist. Nac. de Pesq. de Custos e Índ. da Const. Civil - 01/12/2024
A90: Utilizado no(s) item(ns) 01.01.07
A91: Código | B91: Descrição | C91: Unidade | D91: Quantidade | E91: Utilização Operativa | F91: Utilização Improdutiva | G91: Valor Operativo | H91: Valor Improdutivo | I91: Valor Item
A92: 40810 | B92: Apontador ou apropriador de mao de obra (mensalista) | C92: mês | D92: 1 | E92: 1 | F92: 0 | G92: 3306.81 | H92: 0 | I92: 3306.81
A93: 40863 | B93: Exames - mensalista (coletado caixa - encargos complementares) | C93: mês | D93: 1 | E93: 1 | F93: 0 | G93: 252.08 | H93: 0 | I93: 252.08
A94: 40864 | B94: Seguro - mensalista (coletado caixa - encargos complementares) | C94: mês | D94: 1 | E94: 1 | F94: 0 | G94: 7.31 | H94: 0 | I94: 7.31
A95: 43494 | B95: Epi - família almoxarife - mensalista (encargos complementares - coletado caixa) | C95: mês | D95: 1 | E95: 1 | F95: 0 | G95: 148.04 | H95: 0 | I95: 148.04
A96: 43470 | B96: Ferramentas - família almoxarife - mensalista (encargos complementares - coletado caixa) | C96: mês | D96: 1 | E96: 1 | F96: 0 | G96: 10.89 | H96: 0 | I96: 10.89
A97: 95414 | B97: Curso de capacitação para apontador ou apropriador (encargos complementares) - mensalista | C97: mês | D97: 1 | E97: 1 | F97: 0 | G97: 60.38 | H97: 0 | I97: 60.38
H98: Custo Unitário | I98: 3785.51
H99: BDI | I99: 22.86
H100: Preço Unitário | I100: 4650.87
A103: 100321 - Técnico em segurança do trabalho com encargos complementares ( mês )
A104: Sistema: SINAPI - Sist. Nac. de Pesq. de Custos e Índ. da Const. Civil - 01/12/2024
A105: Utilizado no(s) item(ns) 01.01.08
A106: Código | B106: Descrição | C106: Unidade | D106: Quantidade | E106: Utilização Operativa | F106: Utilização Improdutiva | G106: Valor Operativo | H106: Valor Improdutivo | I106: Valor Item
A107: 40863 | B107: Exames - mensalista (coletado caixa - encargos complementares) | C107: mês | D107: 1 | E107: 1 | F107: 0 | G107: 252.08 | H107: 0 | I107: 252.08
A108: 40864 | B108: Seguro - mensalista (coletado caixa - encargos complementares) | C108: mês | D108: 1 | E108: 1 | F108: 0 | G108: 7.31 | H108: 0 | I108: 7.31
A109: 40944 | B109: Tecnico em seguranca do trabalho (mensalista) | C109: mês | D109: 1 | E109: 1 | F109: 0 | G109: 4976.06 | H109: 0 | I109: 4976.06
A110: 43494 | B110: Epi - família almoxarife - mensalista (encargos complementares - coletado caixa) | C110: mês | D110: 1 | E110: 1 | F110: 0 | G110: 148.04 | H110: 0 | I110: 148.04
A111: 43470 | B111: Ferramentas - família almoxarife - mensalista (encargos complementares - coletado caixa) | C111: mês | D111: 1 | E111: 1 | F111: 0 | G111: 10.89 | H111: 0 | I111: 10.89
A112: 100315 | B112: Curso de capacitação para técnico em segurança do trabalho (encargos complementares) - mensalista | C112: mês | D112: 1 | E112: 1 | F112: 0 | G112: 77.07 | H112: 0 | I112: 77.07
H113: Custo Unitário | I113: 5471.45
H114: BDI | I114: 22.86
...

Sheet Composições Auxiliares
A1: 01140425 - CORTE E ESMERILHAMENTO EM TUBO DE FoFo DUCTIL OU ACO CARBONO, DN < 100mm - REF EMPASA 12.07.01 01/2025 ( un )
A2: Sistema: CORUMBÁ CIVIL - 01/12/2024
A3: Utilizado no(s) item(ns) 01140425
A4: Código | B4: Descrição | C4: Unidade | D4: Quantidade | E4: Utilização Operativa | F4: Utilização Improdutiva | G4: Valor Operativo | H4: Valor Improdutivo | I4: Valor Item
A5: 44531 | B5: Disco de corte diamantado segmentado diâmetro de 180 mm para esmerilhadeira 7 " | C5: un | D5: 0.03 | E5: 1 | F5: 0 | G5: 81.15 | H5: 0 | I5: 2.43
A6: 02140425 | B6: ESMERILHADEIRA 8500rpm - REF EMBASA 12.07.01 INSUMO H029000443 01/2025 | C6: h | D6: 0.025 | E6: 1 | F6: 0 | G6: 0.7 | H6: 0 | I6: 0.01
A7: 88240 | B7: Ajudante de estrutura metálica com encargos complementares | C7: h | D7: 0.078 | E7: 1 | F7: 0 | G7: 20.28 | H7: 0 | I7: 1.58
A8: 88278 | B8: Montador de estrutura metálica com encargos complementares | C8: h | D8: 0.039 | E8: 1 | F8: 0 | G8: 28.64 | H8: 0 | I8: 1.11
A11: 07140425 - Solda MIG em esquadrias metálicas - REF CPOS 24.20.090 04/2025 ( m )
A12: Sistema: CORUMBÁ CIVIL - 01/12/2024
A13: Utilizado no(s) item(ns) 07140425
A14: Código | B14: Descrição | C14: Unidade | D14: Quantidade | E14: Utilização Operativa | F14: Utilização Improdutiva | G14: Valor Operativo | H14: Valor Improdutivo | I14: Valor Item
A15: 08140425 | B15: Arame tipo MIG, diâmetro de 0,80 a 1,20 mm - REF CPOS 24.20.090 INSUMO E.02.000.027011 04/2025 | C15: kg | D15: 1.13 | E15: 1 | F15: 0 | G15: 18.6 | H15: 0 | I15: 21.01
A16: 09140425 | B16: Gás para soldagem tipo MIG, ref. Coogar 215 ou equivalente - REF CPOS 24.20.090 INSUMO A.06.000.027013 04/2025 | C16: m³ | D16: 0.04 | E16: 1 | F16: 0 | G16: 35.36 | H16: 0 | I16: 1.41
A17: 10140425 | B17: Locação máquinas de solda MIG/MAC, modelo TRR 3410 marca Bambozzi ou equivalente, (100% ciclo), para arame sólido/tubular 0,8 até 1,6mm, trifásicos, 220/380/440 V - REF CPOS 24.20.090 INSUMO A.05.000.027014 04/2025 | C17: un.dia | D17: 0.13 | E17: 1 | F17: 0 | G17: 23.36 | H17: 0 | I17: 3.03
A18: 88317 | B18: Soldador com encargos complementares | C18: h | D18: 0.95 | E18: 1 | F18: 0 | G18: 27.75 | H18: 0 | I18: 26.36
A21: 02110625 - Luva de emenda para eletroduto, aço galvanizado, dn 20 mm (3/4''), aparente, instalada em parede - fornecimento e instalação. REF SINAPI 95757 06/2022 ( un )
A22: Sistema: CORUMBÁ CIVIL - 01/12/2024
A23: Utilizado no(s) item(ns) 02110625
A24: Código | B24: Descrição | C24: Unidade | D24: Quantidade | E24: Utilização Operativa | F24: Utilização Improdutiva | G24: Valor Operativo | H24: Valor Improdutivo | I24: Valor Item
A25: 2637 | B25: Luva para eletroduto, em aco galvanizado eletrolitico, com rosca, diametro de 20 mm (3/4") | C25: un | D25: 1 | E25: 1 | F25: 0 | G25: 1.35 | H25: 0 | I25: 1.35
A26: 88247 | B26: Auxiliar de eletricista com encargos complementares | C26: h | D26: 0.1827 | E26: 1 | F26: 0 | G26: 21.9 | H26: 0 | I26: 4
A27: 88264 | B27: Eletricista com encargos complementares | C27: h | D27: 0.1827 | E27: 1 | F27: 0 | G27: 26.38 | H27: 0 | I27: 4.81
A30: 010200022 - Enchimento de vão com argamassa 1:2:8 - MO EC ( m )
A31: Sistema: CORUMBÁ CIVIL - 01/12/2024
A32: Utilizado no(s) item(ns) 010200022
A33: Código | B33: Descrição | C33: Unidade | D33: Quantidade | E33: Utilização Operativa | F33: Utilização Improdutiva | G33: Valor Operativo | H33: Valor Improdutivo | I33: Valor Item
A34: 87335 | B34: Argamassa traço 1:2:8 (em volume de cimento, cal e areia média úmida) para emboço/massa única/assentamento de alvenaria de vedação, preparo mecânico com misturador de eixo horizontal de 300 kg. Af_08/2019 | C34: m³ | D34: 0.0075 | E34: 1 | F34: 0 | G34: 572.39 | H34: 0 | I34: 4.29
A35: 88309 | B35: Pedreiro com encargos complementares | C35: h | D35: 0.1 | E35: 1 | F35: 0 | G35: 26.04 | H35: 0 | I35: 2.6
A36: 88316 | B36: Servente com encargos complementares | C36: h | D36: 0.2 | E36: 1 | F36: 0 | G36: 20.96 | H36: 0 | I36: 4.19
A39: pmc_cortep - CORTE E PREENCHIMENTO DE JUNTA DE DILATAÇÃO COM SELANTE ELÁSTICO MONOCOMPONENTE A BASE DE POLIURETANO (PU) ( m )
A40: Sistema: CORUMBÁ CIVIL - 01/12/2024
A41: Utilizado no(s) item(ns) pmc_cortep
A42: Código | B42: Descrição | C42: Unidade | D42: Quantidade | E42: Utilização Operativa | F42: Utilização Improdutiva | G42: Valor Operativo | H42: Valor Improdutivo | I42: Valor Item
A43: 142 | B43: Selante elástico monocomponente a base de poliuretano (pu) para juntas diversas | C43: 310ml | D43: 0.26 | E43: 1 | F43: 0 | G43: 38.84 | H43: 0 | I43: 10.09
A44: 91285 | B44: Cortadora de piso com motor 4 tempos a gasolina, potencia de 13 hp, com disco de corte diamantado segmentado para concreto, diâmetro de 350 mm, furo de 1" (14 x 1") - chi diurno. Af_08/2015 | C44: chi | D44: 0.03 | E44: 1 | F44: 0 | G44: 1.14 | H44: 0 | I44: 0.03
A45: 91283 | B45: Cortadora de piso com motor 4 tempos a gasolina, potencia de 13 hp, com disco de corte diamantado segmentado para concreto, diâmetro de 350 mm, furo de 1" (14 x 1") - chp diurno. Af_08/2015 | C45: chp | D45: 0.22 | E45: 1 | F45: 0 | G45: 10.93 | H45: 0 | I45: 2.4
A46: 88309 | B46: Pedreiro com encargos complementares | C46: h | D46: 0.03 | E46: 1 | F46: 0 | G46: 26.04 | H46: 0 | I46: 0.78
A47: 88316 | B47: Servente com encargos complementares | C47: h | D47: 0.05 | E47: 1 | F47: 0 | G47: 20.96 | H47: 0 | I47: 1.04
A50: 011103019 - SUPORTE PARA CORRIMÃO EM BARRA PERFIL CHATO 3/16" X 1 1/4" (L X E) EM AÇO SOLDADO EM "L" 6 X 6 CM ( un )
A51: Sistema: CORUMBÁ CIVIL - 01/12/2024
A52: Utilizado no(s) item(ns) 011103019
A53: Código | B53: Descrição | C53: Unidade | D53: Quantidade | E53: Utilização Operativa | F53: Utilização Improdutiva | G53: Valor Operativo | H53: Valor Improdutivo | I53: Valor Item
A54: 565 | B54: Barra de aco chato, retangular, 25,4 mm x 4,76 mm (l x e), 0,94 kg/m | C54: m | D54: 0.12 | E54: 1 | F54: 0 | G54: 16.88 | H54: 0 | I54: 2.02
A55: 88315 | B55: Serralheiro com encargos complementares | C55: h | D55: 0.25 | E55: 1 | F55: 0 | G55: 26.28 | H55: 0 | I55: 6.57

Sheet BDI DIF 15,07
A2: Estado de Mato Grosso do Sul
A3: Município de Corumbá
A4: .
A5: .
A7: DEMONSTRAÇÃO DA BONIFICAÇÃO E DESPESAS INDIRETAS - BDI
A8: BDI 15,07% Material - 15,07 %
A9: Acórdão 2622/2013
A10: Métodologia de Cálculo Truncado / Metodologia de BDI Truncado
A12: Variável | B12: Componente | C12: Taxa Referência (%)
A14: R | B14: Garantia | C14: 0.3
B15: Risco | C15: 0.56
B16: Garantia / Risco / Seguro | C16: 0.86
A17: DF | B17: Despesa Financeira | C17: 0.85
A18: AC | B18: Administração Central | C18: 1.5
A19: L | B19: Lucro | C19: 3.5
A20: I | B20: PIS | C20: 0.65
B21: COFINS | C21: 3
B22: ISSQN | C22: 3.5
B23: INSS | C23: 0
B24: TRIBUTOS | C24: 7.15
A25: BDI | B25: Benefícios e Despesas Indiretas | C25: 15.07
A32: Onde:
A33: AC = taxa de rateio da Administração Central;
A34: R = taxa de Risco, Seguro e Garantia;
A35: DF = taxa das Despesas Financeiras;
A36: L = taxa de Lucro;
A37: I = taxa de Tributos.

Sheet BDI Servoços 22,86 
A2: Estado de Mato Grosso do Sul
A3: Município de Corumbá
A4: .
A5: .
A7: DEMONSTRAÇÃO DA BONIFICAÇÃO E DESPESAS INDIRETAS - BDI
A8: BDI ONERADO CONSTRUÇÃO CIVIL - 22,86 %
A9: Acórdão 2622/2013
A10: Métodologia de Cálculo Truncado / Metodologia de BDI Truncado
A12: Variável | B12: Componente | C12: Taxa Referência (%)
A14: R | B14: Garantia | C14: 0.8
B15: Risco | C15: 1.26
B16: Garantia / Risco / Seguro | C16: 2.06
A17: DF | B17: Despesa Financeira | C17: 1.23
A18: AC | B18: Administração Central | C18: 4
A19: L | B19: Lucro | C19: 7.4
A20: I | B20: PIS | C20: 0.65
B21: COFINS | C21: 3
B22: ISSQN | C22: 2.5
B23: INSS | C23: 0
B24: TRIBUTOS | C24: 6.15
A25: BDI | B25: Benefícios e Despesas Indiretas | C25: 22.86
A32: Onde:
A33: AC = taxa de rateio da Administração Central;
A34: R = taxa de Risco, Seguro e Garantia;
A35: DF = taxa das Despesas Financeiras;
A36: L = taxa de Lucro;
A37: I = taxa de Tributos.

Sheet Encargos

Sheet Canteiro e Adm Local
A1: item | B1: cod | C1: decrição | D1: unidade | E1: quant | F1: custo unitário | G1: preço unitário | H1: preço total
A2: 01.01.01 | B2: 94295 | C2: Mestre de obras com encargos complementares | D2: mês | E2: 12 | F2: 5588.4 | G2: 6865.9 | H2: 82390.8
A3: 01.01.02 | B3: 93567 | C3: Engenheiro civil de obra pleno com encargos complementares (COM EXPERIÊNCIA NA EXECUÇÃO DE SERVIÇOS DE RESTAURAÇÕES EM MONUMENTOS E EDIFICAÇÕES TOMBADAS COMO PATRIMÔNIO CULTURAL) | D3: mês | E3: 12 | F3: 21495.47 | G3: 26409.33 | H3: 316911.96
A4: 01.01.03 | B4: 93563 | C4: Almoxarife com encargos complementares | D4: mês | E4: 12 | F4: 3869.11 | G4: 4753.58 | H4: 57042.96
A5: 01.01.04 | B5: 221780 | C5: VIGIA NOTURNO COM ENCARGOS COMPLEMENTARES - REF SETOP ED-21780 10/2024; | D5: mês | E5: 12 | F5: 5144.48 | G5: 6320.5 | H5: 75846
A6: 01.01.05 | B6: 101460 | C6: Vigia diurno com encargos complementares | D6: mês | E6: 12 | F6: 3705.05 | G6: 4552.02 | H6: 54624.24
A7: 01.01.06 | B7: 93572 | C7: Encarregado geral de obras com encargos complementares | D7: mês | E7: 12 | F7: 4421.53 | G7: 5432.29 | H7: 65187.48
A8: 01.01.07 | B8: 93564 | C8: Apontador ou apropriador com encargos complementares | D8: mês | E8: 12 | F8: 3785.51 | G8: 4650.87 | H8: 55810.44
A9: 01.01.08 | B9: 100321 | C9: Técnico em segurança do trabalho com encargos complementares | D9: mês | E9: 12 | F9: 5471.45 | G9: 6722.22 | H9: 80666.64
A10: 1.02 | C10: PLANOS, PROGRAMAS E MANUAIS
A11: 01.02.01 | B11: 1100425 | C11: LAUDO DE VISTORIA CAUTELAR DE VIZINHANÇA | D11: un | E11: 1 | F11: 3696.6 | G11: 4541.64 | H11: 4541.64
A12: 01.02.02 | B12: 1150425 | C12: ELABORAÇÃO E IMPLANTAÇÃO DO PLANO DE GERENCIAMENTO DE RISCOS (PGR) | D12: un | E12: 1 | F12: 3192.03 | G12: 3921.72 | H12: 3921.72
A13: 01.02.03 | B13: 3080425 | C13: ELABORAÇÃO DO PLANO DE GERENCIAMENTO DE RESÍDUOS DE CONSTRUÇÃO CIVIL (PGRCC) - REF SETOP CO-19622 | D13: un | E13: 1 | F13: 6250.07 | G13: 7678.83 | H13: 7678.83
A14: 01.02.04 | B14: 3150425 | C14: CONTROLE TECNOLOGICO DE CONCRETOS - REF SBC 000128 04/2025 | D14: m³ | E14: 116.51 | F14: 102.24 | G14: 125.61 | H14: 14634.821
A15: 01.02.05 | B15: 7150425 | C15: ATESTADO PCMSO (NR7)- ANUAL - REF SBC 016691 04/2025 | D15: un | E15: 1 | F15: 300 | G15: 368.58 | H15: 368.58
A16: 1.03 | C16: TAXAS
A17: 01.03.01 | B17: 2080425 | C17: ANOTAÇÃO DE RESPONSABILIDADE TÉCNICA (ART) PARA CONTRATO, OBRA OU SERVIÇO DE VALOR SUPERIOR A R$ 15.000,00, DE ACORDO COM TABELA VIGENTE CREA-MS | D17: un | E17: 1 | F17: 271.47 | G17: 333.52 | H17: 333.52
C18: Total - ADMINISTRAÇÃO LOCAL | H18: 819959.63
A19: 2 | C19: MOBILIZAÇÃO E DESMOBILIZAÇÃO
A20: 2.01 | C20: MOBILIZAÇÃO
A21: 02.01.01 | B21: 1014042025 | C21: MOBILIZACAO E DESMOBILIZACAO DE CONTAINER - REF AGESUL 0101001196 06/2024 | D21: un | E21: 2 | F21: 1089.96 | G21: 1339.12 | H21: 2678.24
A22: 2.02 | C22: DESMOBILIZAÇÃO
A23: 02.02.01 | C23: DEMOLIÇÕES DO CANTEIRO
A24: 02.02.01.01 | B24: 215042025 | C24: DESMOBILIZACAO C/ DESMONTAGEM DE BARRACAO E DEMAIS ELEMENTOS - REF SBC 210825 12/2024 ADAPTADO (central de armaduras e central de fôrmas;) | D24: m² | E24: 56 | F24: 33.34 | G24: 40.96 | H24: 2293.76
A25: 02.02.01.02 | B25: 97665 | C25: Remoção de luminárias, de forma manual, sem reaproveitamento. Af_09/2023 | D25: un | E25: 4 | F25: 1.75 | G25: 2.15 | H25: 8.6
A26: 02.02.01.03 | B26: 97660 | C26: Remoção de interruptores/tomadas elétricas, de forma manual, sem reaproveitamento. Af_09/2023 (TOMADA DO BEBEDOURO) | D26: un | E26: 1 | F26: 0.65 | G26: 0.79 | H26: 0.79
A27: 02.02.01.04 | B27: 315042025 | C27: Remoção de reservatório até 1000 litros - REF CPOS/CDHU 04.30.100 09/2024 ADAPTADO; | D27: un | E27: 1 | F27: 138.51 | G27: 170.17
A28: 02.02.02 | C28: DEMOLIÇÕES LEVES DO CANTEIRO | H28: 170.17
A29: 02.02.02.01 | B29: 97637 | C29: Remoção de tapume/ chapas metálicas e de madeira, de forma manual, sem reaproveitamento. Af_09/2023 (tapume frente e portões de acesso) | D29: m² | E29: 145.84 | F29: 2.95 | G29: 3.62 | H29: 527.9408
A30: 02.02.02.02 | B30: 104794 | C30: Remoção de cabos elétricos, com seção de 16 mm², forma manual, sem reaproveitamento. Af_09/2023 | D30: m | E30: 103 | F30: 0.94 | G30: 1.15 | H30: 118.45
C31: Total - MOBILIZAÇÃO E DESMOBILIZAÇÃO | H31: 5797.9508
A32: 3 | C32: CANTEIRO DE OBRAS
A33: 3.01 | B33: 101502 | C33: Entrada de energia elétrica, aérea, bifásica, com caixa de embutir, cabo de 16 mm2 e disjuntor din 50a (não incluso o poste de concreto). Af_07/2020_ps (ENTRADA PROVISÓRIA DE ENERGIA PARA OBRA) | D33: un | E33: 1 | F33: 1820.23 | G33: 2236.33 | H33: 2236.33
A34: 3.02 | B34: 10776 | C34: Locacao de container 2,30 x 6,00 m, alt. 2,50 m, para escritorio, sem divisorias internas e sem sanitario (nao inclui mobilizacao/desmobilizacao) | D34: mês | E34: 6 | F34: 650.39 | G34: 799.06 | H34: 4794.36
A35: 3.03 | B35: 10776 | C35: Locacao de container 2,30 x 6,00 m, alt. 2,50 m, para escritorio, sem divisorias internas e sem sanitario (nao inclui mobilizacao/desmobilizacao) (almoxarifado) | D35: mês | E35: 6 | F35: 650.39 | G35: 799.06 | H35: 4794.36
A36: 3.04 | B36: 97741 | C36: Kit cavalete para medição de água - entrada individualizada, em pvc 25 mm (3/4"), para 1 medidor - fornecimento e instalação (exclusive hidrômetro). Af_03/2024 (LIGAÇÃO PROVISÓRIA DE ÁGUA) | D36: un | E36: 1 | F36: 153.22 | G36: 188.24 | H36: 188.24
A37: 3.05 | B37: 103689 | C37: Fornecimento e instalação de placa de obra com chapa galvanizada e estrutura de madeira. Af_03/2022_ps (PLACA OBRA) | D37: m² | E37: 6 | F37: 455.49 | G37: 559.61 | H37: 3357.66
A38: 3.06 | B38: 103689 | C38: Fornecimento e instalação de placa de obra com chapa galvanizada e estrutura de madeira. Af_03/2022_ps (PLACA IPHAN) | D38: m² | E38: 6 | F38: 455.49 | G38: 559.61 | H38: 3357.66
A39: 3.07 | B39: 111042025 | C39: EXECUCAO DE CENTRAL DE FORMAS, PRODUCAO DE ARGAMASSA OU CONCRETO EM CANTEIRO DE OBRAS, NAO INCLUSO MOBILIARIO, EQUIPAMENTOS, PISO DE CONCRETO E LASTRO- REF Adaptado AGESUL 0101001166 06/2024; | D39: m² | E39: 28 | F39: 634.9 | G39: 780.03 | H39: 21840.84
A40: 3.08 | B40: 114042025 | C40: Execução de central de armadura em canteiro de obra, não incluso mobiliário e equipamentos, exclusive lastro . REF SINAPI 93582 12/2023; | D40: m² | E40: 28 | F40: 193.21 | G40: 237.37 | H40: 6646.36
A41: 3.09 | B41: 98461 | C41: Estrutura de madeira provisória para suporte de caixa dágua elevada de 1000 litros. Af_03/2024 | D41: un | E41: 1 | F41: 6196.89 | G41: 7613.49 | H41: 7613.49
A42: 3.1 | B42: 102607 | C42: Caixa d´água em polietileno, 1000 litros - fornecimento e instalação. Af_06/2021 | D42: un | E42: 1 | F42: 438.27 | G42: 538.45 | H42: 538.45
A43: 3.11 | B43: 98459 | C43: Tapume com telha metálica. Af_03/2024 | D43: m² | E43: 130 | F43: 81.86 | G43: 100.57 | H43: 13074.1
A44: 3.12 | B44: 314042025 | C44: PORTAO PARA TAPUME COM TELHA TRAPEZOIDAL EM ACO GALVANIZADO, ESP=0,5MM, EM ESTRUTURA DE MADEIRA, INCLUSIVE FERRAGENS REF AGESUL 0101001136 06/2023; | D44: m² | E44: 15.84 | F44: 125.54 | G44: 154.23 | H44: 2443.0032
... A53: 3.21 | B53: 9314101 | C53: Ponto de tomadas incluindo eletroduto, rasgo, tomadas fornecimento e instalação (para bebedouro) | D53: un | E53: 1 | F53: 135.74 | G53: 166.77 | H53: 166.77
C54: Total - CANTEIRO DE OBRAS | H54: 158617.84
A55: 4 | C55: SERVIÇOS PRELIMINARES
A56: 4.01 | C56: LIMPEZA DA ÁREA E LOCAÇÃO DA OBRA
A57: 04.01.01 | B57: 99059 | C57: Locação convencional de obra, utilizando gabarito de tábuas corridas pontaletadas a cada 2,00m - 2 utilizações. Af_03/2024 (LOCAÇÃO DO GALPÃO, PASSARELA E ESTRUTURA DE APOIO A CAIXA DÁGUA) | D57: m | E57: 160.46 | F57: 60.51 | G57: 74.34 | H57: 11928.596
A58: 04.01.02 | B58: 98519 | C58: Revolvimento e limpeza manual de solo. Af_07/2024 (REMOÇÃO DE CAMADA VEGETAL) | D58: m² | E58: 498.78 | F58: 3.62 | G58: 4.44 | H58: 2214.5832
A59: 04.01.03 | B59: 99059 | C59: Locação convencional de obra, utilizando gabarito de tábuas corridas pontaletadas a cada 2,00m - 2 utilizações. Af_03/2024 (MURO DE ARRIMO) | D59: m | E59: 267.78 | F59: 60.51 | G59: 74.34 | H59: 19906.765
A60: 4.02 | C60: EPC - EQUIPAMENTOS DE PROTEÇÃO DA EQUIPE E ANDAIMES
A61: 04.02.01 | B61: 101905 | C61: Extintor de incêndio portátil com carga de água pressurizada de 10 l, classe a - fornecimento e instalação. Af_10/2020_pe | D61: un | E61: 3 | F61: 241.62 | G61: 296.85 | H61: 890.55
A62: 04.02.02 | B62: 101909 | C62: Extintor de incêndio portátil com carga de pqs de 6 kg, classe bc - fornecimento e instalação. Af_10/2020_pe | D62: un | E62: 6 | F62: 272.87 | G62: 335.24 | H62: 2011.44
A63: 04.02.03 | B63: 91935 | C63: Cabo de cobre flexível isolado, 16 mm², anti-chama 0,6/1,0 kv, para circuitos terminais - fornecimento e instalação. Af_03/2023 (CABO PARA ATERRAMENTO DOS CONTEINERS ATÉ HASTE DA LIGAÇÃO PROVISÓRIA DE ENERGIA) | D63: m | E63: 103 | F63: 25.8 | G63: 31.69 | H63: 3264.07
A64: 04.02.04 | B64: 93358 | C64: Escavação manual de vala. Af_09/2024 (ESCAVAÇÃO PARA LANÇAMENTO DE CABOS PARA ATERRAMENTO DOS CONTEINERS) | D64: m³ | E64: 9.27 | F64: 82.91 | G64: 101.86 | H64: 944.2422
A65: 04.02.05 | B65: 93382 | C65: Reaterro manual de valas, com compactador de solos de percussão. Af_08/2023 | D65: m³ | E65: 9.27 | F65: 25.48 | G65: 31.3 | H65: 290.151
A66: 04.02.06 | B66: 10527 | C66: Locacao de andaime metalico tubular de encaixe, tipo de torre, cada painel com largura de 1 ate 1,5 m e altura de *1,00* m, incluindo diagonal, barras de ligacao, sapatas ou rodizios e demais itens necessarios a montagem (nao inclui instalacao) | D66: mxmês | E66: 46.8 | F66: 38 | G66: 46.68 | H66: 2184.624
A67: 04.02.07 | B67: 20193 | C67: Locacao de andaime metalico tipo fachadeiro, pecas com aproximadamente 1,20 m de largura e 2,0 m de altura, incluindo diagonais em x, barras de ligacao, sapatas e demais itens necessarios a montagem (nao inclui instalacao) | D67: m²xmês | E67: 360 | F67: 28.5 | G67: 35.01 | H67: 12603.6
A68: 04.02.08 | B68: 97064 | C68: Montagem e desmontagem de andaime tubular tipo "torre" (exclusive andaime e limpeza). Af_03/2024 | D68: m | E68: 48 | F68: 27.91 | G68: 34.29 | H68: 1645.92
A69: 04.02.09 | B69: 97063 | C69: Montagem e desmontagem de andaime modular fachadeiro, com piso metálico, para edifícios com multiplos pavimentos (exclusive andaime e limpeza). Af_03/2024 | D69: m² | E69: 729.6 | F69: 20.23 | G69: 24.85 | H69: 18130.56
C70: Total - SERVIÇOS PRELIMINARES | H70: 76015.102
A71: 5 | C71: DEMOLIÇÕES E RETIRADAS
A72: 5.01 | C72: MOBILIÁRIOS E VEGETAÇÃO - A DEMOLIR
A73: 05.01.01 | B73: 97644 | C73: Remoção de portas, de forma manual, sem reaproveitamento. Af_09/2023 | D73: m² | E73: 47.88 | F73: 9.27 | G73: 11.38 | H73: 544.8744
A74: 05.01.02 | B74: 97645 | C74: Remoção de janelas, de forma manual, sem reaproveitamento. Af_09/2023 | D74: m² | E74: 13.08 | F74: 23.93 | G74: 29.4 | H74: 384.552
A75: 05.01.03 | B75: 97663 | C75: Remoção de louças, de forma manual, sem reaproveitamento. Af_09/2023 | D75: un | E75: 11 | F75: 12.24 | G75: 15.03 | H75: 165.33
A76: 05.01.04 | B76: 1290125 | C76: Remoção de luminárias, de forma manual, para restauração - REF SINAPI 97665 12/2024 | D76: un | E76: 4 | F76: 1.75 | G76: 2.15 | H76: 8.6
A77: 05.01.05 | B77: 98527 | C77: Remoção de raízes remanescentes de tronco de árvore com diâmetro maior ou igual a 0,40 m e menor que 0,60 m. Af_03/2024 | D77: un | E77: 5 | F77: 216.61 | G77: 266.12 | H77: 1330.6
A78: 05.01.06 | B78: 98530 | C78: Corte raso e recorte de árvore com diâmetro de tronco maior ou igual a 0,40 m e menor que 0,60 m. Af_03/2024 | D78: un | E78: 8 | F78: 145.32 | G78: 178.54 | H78: 1428.32
A79: 05.01.07 | B79: 98531 | C79: Corte raso e recorte de árvore com diâmetro de tronco maior ou igual a 0,60 m. Af_03/2024 | D79: un | E79: 2 | F79: 387.23 | G79: 475.75 | H79: 951.5
A80: 05.01.08 | B80: 725022025 | C80: Remoção cuidadosa de esculturas e porteiras de madeira; | D80: un | E80: 5 | F80: 47 | G80: 57.74 | H80: 288.7
A81: 5.02 | C81: PAVIMENTOS - A DEMOLIR
A82: 05.02.01 | B82: 104790 | C82: Demolição de piso de concreto simples, de forma mecanizada com martelete, sem reaproveitamento. Af_09/2023 | D82: m³ | E82: 116.21 | F82: 114.55 | G82: 140.73 | H82: 16354.233
A83: 05.02.02 | B83: 97635 | C83: Remoção de piso de bloco intertravado ou de pedra portuguesa, de forma manual, com reaproveitamento. Af_09/2023 (REMOÇÃO DE PISO SEXTAVADO) | D83: m² | E83: 1652.7 | F83: 15.97 | G83: 19.62 | H83: 32425.974
A84: 05.02.03 | B84: 9102202403 | C84: DEMOLIÇÃO DE LADRILHO HIDRÁULLICO SOBRE LASTRO DE CONCRETO | D84: m² | E84: 17.54 | F84: 32.56 | G84: 40 | H84: 701.6
A85: 05.02.04 | B85: 104796 | C85: Demolição de guias, sarjetas ou sarjetões, de forma mecanizada, sem reaproveitamento. Af_09/2023 | D85: m | E85: 177.75 | F85: 14.15 | G85: 17.38 | H85: 3089.295
A86: 05.02.05 | B86: 97634 | C86: Demolição de revestimento cerâmico, de forma mecanizada com martelete, sem reaproveitamento. Af_09/2023 (REMOÇÃO DE PLACA CIMENTICIA) | D86: m² | E86: 12.1 | F86: 6.97 | G86: 8.56 | H86: 103.576
A87: 5.03 | C87: COBERTURAS - A DEMOLIR
A88: 05.03.01 | B88: 97647 | C88: Remoção de telhas de fibrocimento metálica e cerâmica, de forma manual, sem reaproveitamento. Af_09/2023 (REMOÇÃO DE TELHA CERÂMICA) | D88: m² | E88: 286.35 | F88: 3.44 | G88: 4.22 | H88: 1208.397
A89: 05.03.02 | B89: 97647 | C89: Remoção de telhas de fibrocimento metálica e cerâmica, de forma manual, sem reaproveitamento. Af_09/2023 (REMOÇÃO DE TELHA DE FIBROCIMENTO) | D89: m² | E89: 168.41 | F89: 3.44 | G89: 4.22 | H89: 710.6902
A90: 05.03.03 | B90: COB005 | C90: REMOÇÃO DE CALHAS, RUFOS E PINGADEIRAS COM REAPROVEITAMENTO | D90: m | E90: 203.97 | F90: 1.8 | G90: 2.21 | H90: 450.7737
A91: 05.03.04 | B91: 97662 | C91: Remoção de tubulações (tubos e conexões) de água fria, de forma manual, sem reaproveitamento. Af_09/2023 (REMOÇÃO DE TUBOS DE QUEDA) | D91: m | E91: 40.2 | F91: 0.48 | G91: 0.58 | H91: 23.316
A92: 05.03.05 | B92: 1025022025 | C92: Remoção de cacos de vidro em muro existente; | D92: m² | E92: 12.83 | F92: 23.21 | G92: 28.51 | H92: 365.7833
A93: 5.04 | C93: FECHAMENTOS E REVESTIMENTOS - A DEMOLIR
A94: 05.04.01 | B94: 97622 | C94: Demolição de alvenaria de bloco furado, de forma manual, sem reaproveitamento. Af_09/2023 | D94: m³ | E94: 40.71 | F94: 55.24 | G94: 67.86 | H94: 2762.5806
A95: 05.04.02 | B95: 97633 | C95: Demolição de revestimento cerâmico, de forma manual, sem reaproveitamento. Af_09/2023 | D95: m² | E95: 43.25 | F95: 22.17 | G95: 27.23 | H95: 1177.6975
A96: 05.04.03 | B96: 97624 | C96: Demolição de alvenaria de tijolo maciço, de forma manual, sem reaproveitamento. Af_09/2023 (DEMOLIÇÃO DE TIJOLO MACIÇO ENTERRADO) | D96: m³ | E96: 1.79 | F96: 103.84 | G96: 127.57 | H96: 228.3503
A97: 05.04.04 | B97: 97624 | C97: Demolição de alvenaria de tijolo maciço, de forma manual, sem reaproveitamento. Af_09/2023 | D97: m³ | E97: 21.09 | F97: 103.84 | G97: 127.57 | H97: 2690.4513
A98: 05.04.05 | B98: 97626 | C98: Demolição de pilares e vigas em concreto armado, de forma manual, sem reaproveitamento. Af_09/2023 (DEMOLIÇÃO DE PILARES EM CONCRETO ARMADO) | D98: m³ | E98: 5.3 | F98: 555.11 | G98: 682 | H98: 3614.6
A99: 05.04.06 | B99: 10200068 | C99: Demolição de Concreto Simples - ref. Cód. SINAPI 73616 (DEMOLIÇÃO DE BANCADAS) | D99: m³ | E99: 0.9 | F99: 57.3 | G99: 70.39 | H99: 63.351
A100: 05.04.07 | B100: 97631 | C100: Demolição de argamassas, de forma manual, sem reaproveitamento. Af_09/2023 (PAREDES EXISTENTES (CORREÇÃO DE PATOLOGIAS) ) | D100: m² | E100: 976.56 | F100: 11.1 | G100: 13.63 | H100: 13310.513
A101: 5.05 | C101: LIMPEZA
A102: 05.05.01 | B102: 100981 | C102: Carga, manobra e descarga de entulho em caminhão basculante 6 m³ - carga com escavadeira hidráulica (caçamba de 0,80 m³ / 111 hp) e descarga livre (unidade: m3). Af_07/2020 | D102: m³ | E102: 579.35 | F102: 9.17 | G102: 11.26 | H102: 6523.481
A103: 05.05.02 | B103: 97914 | C103: Transporte com caminhão basculante de 6 m³, em via urbana pavimentada, dmt até 30 km (unidade: m3xkm). Af_07/2020 | D103: m³xkm | E103: 4924.48 | F103: 2.91 | G103: 3.57 | H103: 17580.394
C104: Total - DEMOLIÇÕES E RETIRADAS | H104: 108487.53
A105: 6 | C105: ESTRUTURA
A106: 6.01 | C106: ESTRUTURA METALICA RESERVATÓRIO, PASSARELA E GALPÃO
A107: 06.01.01 | C107: FUNDAÇÃO
A108: 06.01.01.01 | B108: 101616 | C108: Preparo de fundo de vala com largura menor que 1,5 m (acerto do solo natural). Af_08/2020 | D108: m² | E108: 22.68 | F108: 6.08 | G108: 7.46 | H108: 169.1928
...

Sheet Curva ABC - Custos diretos
A1: item | B1: cod | C1: decrição | D1: unidade | E1: quant | F1: custo unitário | G1: preço unitário | H1: preço total | I1: % item | J1: % acumulada | L1: Preço Total da Curva | M1: =SUM(H2:H596) -> 3665806.1
A2: 12.02.06 | B2: 94993 | C2: Execução de passeio (calçada) ou piso de concreto com concreto moldado in loco, usinado, acabamento convencional, espessura 6 cm, armado. Af_08/2022 | D2: m² | E2: 2095.11 | F2: 80.79 | G2: 99.25 | H2: 207939.67 | I2: =H2/$M$1 -> 0.056724131 | J2: =I2 -> 0.056724131 | L2: Preço total Analisado | M2: =SUM(H2:H106) -> 2966581.5
A3: 06.01.02.03 | B3: 33200225 | C3: Fabricação e montagem de uma estrutura em concreto armado pré-fabricado com cobertura em duas águas, com área total de 181,0m², medindo 10,00m de largura externa, por 18,18m de comprimento externo e 3,00m de altura livre no tirante. Cobertura com telhas Termoacústicas termo forro fundo branco, apoiadas sobre terças metálicas, acessórios da estrutura e mão de obra de montagem da estrutura. (EXCETO FUNDAÇÃO - AMOR PEIXE) | D3: un | E3: 1 | F3: 147500 | G3: 181218.5 | H3: 181218.5 | I3: =H3/$M$1 -> 0.049434829 | J3: =I3+J2 -> 0.10615896 | L3: % dotal Analisada | M3: =J106 -> 0.8092576
A4: 12.01.01 | B4: 1060225 | C4: EXECUÇÃO DE PISO DE CONCRETO, ACABAMENTO RESINADO, ESP.: 6 CM, ARMADO, COR CINZA. COM JUNTA DE DILATAÇÃO A CADA 2M. REF SINAPI 94993 12/2024 | D4: m² | E4: 686.92 | F4: 143.97 | G4: 176.88 | H4: 121502.41 | I4: =H4/$M$1 -> 0.0331448 | J4: =I4+J3 -> 0.13930376 | L4: itens totais da Curva | M4: =COUNT(J2:J596) -> 595
A5: 7.01 | B5: 94216 | C5: Telhamento com telha metálica termoacústica e = 30 mm, com até 2 águas, incluso içamento. Af_07/2019 (TELHA TERMOACÚSTICA COM ACABAMENTO EM FORRO BRANCO) | D5: m² | E5: 487.8 | F5: 201.79 | G5: 247.91 | H5: 120930.5 | I5: =H5/$M$1 -> 0.032988787 | J5: =I5+J4 -> 0.17229255 | L5: itens totais analisados | M5: =COUNT(J2:J106) -> 105
A6: 09.02.35 | B6: 4160625 | C6: LUMINARIA DE EMBUTIR COM PLACAS DE LED SMD E DRIVER MULTITENSAO INTEGRADOS, IP20, ALETAS E REFLETORES EM ALUMINIO ALTO BRILHO, CORPO EM CHAPA DE ACO PINTADA ELETROSTATICAMENTE NA COR BRANCA, REF. EAA05 - E3500830 - FORNECIMENTO E INSTALACAO. REF AGESUL 1201001118 01/2025. | D6: un | E6: 156 | F6: 499.68 | G6: 613.9 | H6: 95768.4 | I6: =H6/$M$1 -> 0.026124786 | J6: =I6+J5 -> 0.19841733 | L6: %itens analisados | M6: =M5/M4 -> 0.17647059
A7: 11.09 | B7: 87779 | C7: Emboço ou massa única em argamassa traço 1:2:8, preparo mecânico com betoneira 400 l, aplicada manualmente em panos de fachada com presença de vãos, espessura de 35 mm. Af_08/2022 (PAREDES EXISTENTES - CORREÇÃO DE PATOLOGIAS) | D7: m² | E7: 976.56 | F7: 68.2 | G7: 83.79 | H7: 81825.962 | I7: =H7/$M$1 -> 0.02232141 | J7: =I7+J6 -> 0.22073874
A8: 06.02.07.02 | B8: 98547 | C8: Impermeabilização de superfície com manta asfáltica, duas camadas, inclusive aplicação de primer asfáltico, e=3mm e e=4mm. Af_09/2023 | D8: m² | E8: 211.82 | F8: 301.34 | G8: 370.22 | H8: 78420 | I8: =H8/$M$1 -> 0.021392293 | J8: =I8+J7 -> 0.24213104
A9: 12.02.07 | B9: 21709 | C9: Fornecimento e instalação de piso emborrachado em placas de 50cm espessura 20mm inclusive preparo da sub base e base. | D9: m² | E9: 123 | F9: 456.74 | G9: 561.15 | H9: 69021.45 | I9: =H9/$M$1 -> 0.018828451 | J9: =I9+J8 -> 0.26095949
A10: 06.01.02.02 | B10: CCU 0001 | C10: Estrutura metálica em aço estrutural perfil "u" simples, em chapa dobrada de aço laminado (REF SINAPI 73970/001) | D10: kg | E10: 2919.54 | F10: 16.38 | G10: 20.12 | H10: 58741.145 | I10: =H10/$M$1 -> 0.016024073 | J10: =I10+J9 -> 0.27698356
A11: 11.07 | B11: 98562 | C11: Impermeabilização de superfície com argamassa de cimento e areia, com aditivo impermeabilizante, e = 1,5cm. Af_09/2023 (PAREDES EXTERNAS EXISTENTES. CORREÇÃO DE PATOLOGIAS.) | D11: m² | E11: 976.56 | F11: 47.59 | G11: 58.46 | H11: 57089.698 | I11: =H11/$M$1 -> 0.015573573 | J11: =I11+J10 -> 0.29255713
A12: 14.05 | B12: PMC 139 | C12: BANCADA DE GRANITO CINZA POLIDO – FORNECIMENTO E INSTALAÇÃO. (BANCADA DE GRANITO CINZA ANDORINHA) | D12: m² | E12: 56.37 | F12: 786.29 | G12: 966.03 | H12: 54455.111 | I12: =H12/$M$1 -> 0.01485488 | J12: =I12+J11 -> 0.30741201
A13: 06.02.02.06 | B13: 92269 | C13: Fabricação de fôrma para pilares e estruturas similares, em madeira serrada, e=25 mm. Af_09/2020 | D13: m² | E13: 337.8 | F13: 112.53 | G13: 138.25 | H13: 46700.85 | I13: =H13/$M$1 -> 0.012739585 | J13: =I13+J12 -> 0.3201516
A14: 09.07.02.01 | B14: 94229 | C14: Calha em chapa de aço galvanizado número 24, desenvolvimento de 100 cm, incluso transporte vertical. Af_07/2019 | D14: m | E14: 238.77 | F14: 152.75 | G14: 187.66 | H14: 44807.578 | I14: =H14/$M$1 -> 0.012223117 | J14: =I14+J13 -> 0.33237472
A15: 8.07 | B15: 102253 | C15: Divisoria sanitária, tipo cabine, em granito cinza polido, esp = 3cm, assentado com argamassa colante ac iii-e, exclusive ferragens. Af_01/2021 | D15: m² | E15: 40.34 | F15: 903.97 | G15: 1110.61 | H15: 44802.007 | I15: =H15/$M$1 -> 0.012221598 | J15: =I15+J14 -> 0.34459631
A16: 09.04.06 | B16: 525022025 | C16: BARRA CHATA DE ALUMINIO 7/8 X 1/8", INCLUSIVE ACESSORIOS DE FIXACAO REF AGESUL 1201006045 | D16: m | E16: 880 | F16: 41.18 | G16: 50.59 | H16: 44519.2 | I16: =H16/$M$1 -> 0.01214445 | J16: =I16+J15 -> 0.35674076
A17: 06.02.04.06 | B17: 92265 | C17: Fabricação de fôrma para vigas, em chapa de madeira compensada resinada, e = 17 mm. Af_09/2020 | D17: m² | E17: 284.72 | F17: 124.74 | G17: 153.25 | H17: 43633.34 | I17: =H17/$M$1 -> 0.011902795 | J17: =I17+J16 -> 0.36864356
A18: 10.01.05 | B18: 220022025 | C18: P10 - PORTA DE ABRIR, 01 FOLHA, 0,80 MX2,10 M, EM ALUMÍNIO BRANCO C/LAMBRIL LISO E RÉGUAS DE 15CM, ACABAMENTO NATURAL, COM FECHADURA TIPO ALAVANCA, CONFORME ESPECIFICAÇÕES EM PROJETO - FORNECIMENTO E INSTALAÇÃO; | D18: un | E18: 8 | F18: 4121.67 | G18: 5063.88 | H18: 40511.04 | I18: =H18/$M$1 -> 0.011051059 | J18: =I18+J17 -> 0.37969462
A19: 09.02.09 | B19: 91926 | C19: Cabo de cobre flexível isolado, 2,5 mm², anti-chama 450/750 v, para circuitos terminais - fornecimento e instalação. Af_03/2023 | D19: m | E19: 7350 | F19: 4.36 | G19: 5.35 | H19: 39322.5 | I19: =H19/$M$1 -> 0.010726836 | J19: =I19+J18 -> 0.39042145
A20: 06.01.02.01 | B20: 100764 | C20: Viga metálica em perfil laminado ou soldado em aço estrutural, com conexões soldadas, inclusos mão de obra, transporte e içamento utilizando guindaste - fornecimento e instalação. Af_01/2020_pa | D20: kg | E20: 1776.44 | F20: 16.47 | G20: 20.23 | H20: 35937.381 | I20: =H20/$M$1 -> 0.0098034047 | J20: =I20+J19 -> 0.40022486
A21: 09.02.34 | B21: 2160625 | C21: LUMINÁRIA DE LED PARA PISO DE EMBUTIR IP65, TEMPERATTURA DE COR 3000W DE 9W A 15W. REF ORSE 10747 12/2024 ADAPTADO. | D21: un | E21: 59 | F21: 490.91 | G21: 603.13 | H21: 35584.67 | I21: =H21/$M$1 -> 0.0097071882 | J21: =I21+J20 -> 0.40993205
A22: 09.04.04 | B22: 96977 | C22: Cordoalha de cobre nu 50 mm², enterrada - fornecimento e instalação. Af_08/2023 | D22: m | E22: 460 | F22: 59.92 | G22: 73.61 | H22: 33860.6 | I22: =H22/$M$1 -> 0.0092368769 | J22: =I22+J21 -> 0.41916892
A23: 06.02.05.05 | B23: 99439 | C23: Concretagem de edificações (paredes e lajes) feitas com sistema de fôrmas manuseáveis, com concreto usinado bombeável fck 25 mpa - lançamento, adensamento e acabamento. Af_09/2024 | D23: m³ | E23: 33.56 | F23: 815.31 | G23: 1001.68 | H23: 33616.381 | I23: =H23/$M$1 -> 0.009170256 | J23: =I23+J22 -> 0.42833918
A24: 17.05 | B24: 3210225 | C24: RESTAURAÇÃO DE 18 POSTES METALICOS COM LUMINÁRIAS E 4 ARANDELAS METALICAS INCLUINDO PINTURA; | D24: un | E24: 1 | F24: 27250 | G24: 33479.35 | H24: 33479.35 | I24: =H24/$M$1 -> 0.0091328752 | J24: =I24+J23 -> 0.43747205
A25: 8.03 | B25: 103334 | C25: Alvenaria de vedação de blocos cerâmicos furados na horizontal de 14x9x19 cm (espessura 14 cm, bloco deitado) e argamassa de assentamento com preparo em betoneira. Af_12/2021 | D25: m² | E25: 192.72 | F25: 141.37 | G25: 173.68 | H25: 33471.61 | I25: =H25/$M$1 -> 0.0091307637 | J25: =I25+J24 -> 0.44660282
A26: 10.02.13 | B26: 45130225 | C26: J13- JANELA EM ALUMINIO COR BRANCA E VIDRO TEMPERADO 6MM - 2,00M X 1,20M CONFORME PROJETO - FORNECIMENTO E INSTALAÇÃO | D26: un | E26: 6 | F26: 4530.09 | G26: 5565.66 | H26: 33393.96 | I26: =H26/$M$1 -> 0.0091095816 | J26: =I26+J25 -> 0.4557124
A27: 06.02.01.07 | B27: 96535 | C27: Fabricação, montagem e desmontagem de fôrma para sapata, em madeira serrada, e=25 mm, 4 utilizações. Af_01/2024 | D27: m² | E27: 220.99 | F27: 119.66 | G27: 147.01 | H27: 32487.74 | I27: =H27/$M$1 -> 0.0088623726 | J27: =I27+J26 -> 0.46457477
A28: 05.02.02 | B28: 97635 | C28: Remoção de piso de bloco intertravado ou de pedra portuguesa, de forma manual, com reaproveitamento. Af_09/2023 (REMOÇÃO DE PISO SEXTAVADO) | D28: m² | E28: 1652.7 | F28: 15.97 | G28: 19.62 | H28: 32425.974 | I28: =H28/$M$1 -> 0.0088455234 | J28: =I28+J27 -> 0.4734203
A29: 11.02 | B29: 87779 | C29: Emboço ou massa única em argamassa traço 1:2:8, preparo mecânico com betoneira 400 l, aplicada manualmente em panos de fachada com presença de vãos, espessura de 35 mm. Af_08/2022 (PAREDES NOVAS INTERNAS) | D29: m² | E29: 383.78 | F29: 68.2 | G29: 83.79 | H29: 32156.926 | I29: =H29/$M$1 -> 0.0087721295 | J29: =I29+J28 -> 0.48219243
A30: 12.02.08 | B30: 2250225 | C30: INSTALAÇÃO DE PISO EM MADEIRA PLASTICA 32x150MM COR IPÊ | D30: m² | E30: 40.65 | F30: 565.74 | G30: 695.06 | H30: 28254.189 | I30: =H30/$M$1 -> 0.0077074968 | J30: =I30+J29 -> 0.48989992
A31: 13.09 | B31: 88489 | C31: Pintura látex acrílica premium, aplicação manual em paredes, duas demãos. Af_04/2023 | D31: m² | E31: 1855.84 | F31: 12.36 | G31: 15.18 | H31: 28171.651 | I31: =H31/$M$1 -> 0.0076849812 | J31: =I31+J30 -> 0.4975849
A32: 09.09.06.01 | B32: 1413022025 | C32: Fornecimento e instalação de reservatório metálico do tipo taça, inclusive base em concreto armado; REF AGESUL 1301001160 06/2024 | D32: un | E32: 1 | F32: 22803.58 | G32: 28016.47 | H32: 28016.47 | I32: =H32/$M$1 -> 0.0076426491 | J32: =I32+J31 -> 0.50522755
A33: 09.02.01 | B33: 92992 | C33: Cabo de cobre flexível isolado, 95 mm², anti-chama 0,6/1,0 kv, para rede enterrada de distribuição de energia elétrica - fornecimento e instalação. Af_12/2021 | D33: m | E33: 210 | F33: 103.37 | G33: 127 | H33: 26670 | I33: =H33/$M$1 -> 0.0072753438 | J33: =I33+J32 -> 0.5125029
A34: 09.01.20 | B34: 7130625 | C34: ELETROCALHA PERFURADA EM AÇO GALVANIZADO, LARGURA 50MM E ALTURA 50MM, INCLUSIVE FIXAÇÃO - FORNECIMENTO E INSTALAÇÃO. AF_04/2023. REF SINAPI 97236 04/2025 ADAPTADO. | D34: m | E34: 211 | F34: 93.73 | G34: 115.15 | H34: 24296.65 | I34: =H34/$M$1 -> 0.0066279146 | J34: =I34+J33 -> 0.51913081
A35: 17.06 | B35: 103314 | C35: Instalação de pergolado de madeira, em maçaranduba, angelim ou equivalente da região, fixado com concreto sobre piso de concreto existente. Af_11/2021 | D35: m² | E35: 72.51 | F35: 265.6 | G35: 326.31 | H35: 23660.738 | I35: =H35/$M$1 -> 0.0064544434 | J35: =I35+J34 -> 0.52558525
A36: 09.01.19 | B36: 1110625 | C36: Eletroduto de aço galvanizado, classe leve, dn 20 mm (3/4), aparente, instalado em parede - fornecimento e instalação. REF SINAPI 95749 06/2022 | D36: m | E36: 740 | F36: 25.93 | G36: 31.85 | H36: 23569 | I36: =H36/$M$1 -> 0.006429418 | J36: =I36+J35 -> 0.53201467
A37: 06.02.05.06 | B37: 92267 | C37: Fabricação de fôrma para lajes, em chapa de madeira compensada resinada, e = 17 mm. Af_09/2020 | D37: m² | E37: 301.88 | F37: 62.99 | G37: 77.38 | H37: 23359.474 | I37: =H37/$M$1 -> 0.0063722613 | J37: =I37+J36 -> 0.53838693
A38: 10.01.08 | B38: 820022025 | C38: P13 - PORTA DE ABRIR, 01 FOLHA, 0,60 MX1,75 M, EM ALUMÍNIO COM VENEZIANA, ANODIZADO NATURAL, COM TARJETA LIVRE-OCUPADO CONFORME ESPECIFICAÇÕES EM PROJETO - FORNECIMENTO E INSTALAÇÃO; | D38: un | E38: 12 | F38: 1570.04 | G38: 1928.95 | H38: 23147.4 | I38: =H38/$M$1 -> 0.0063144092 | J38: =I38+J37 -> 0.54470134
A39: 8.02 | B39: 96365 | C39: Parede com sistema em chapas de gesso para drywall, uso interno, com uma face simples e outra face dupla e estrutura metálica com guias duplas para paredes com área líquida maior ou igual a 6 m2, com vãos. Af_07/2023_ps | D39: m² | E39: 110.77 | F39: 169.85 | G39: 208.67 | H39: 23114.376 | I39: =H39/$M$1 -> 0.0063054005 | J39: =I39+J38 -> 0.55100674
A40: 14.18 | B40: PMC 139 | C40: BANCADA DE GRANITO CINZA POLIDO – FORNECIMENTO E INSTALAÇÃO. (INSTALAÇÃO DE PRATELEIRAS DE GRANITO CINZA ANDORINHA) | D40: m² | E40: 23.16 | F40: 786.29 | G40: 966.03 | H40: 22373.255 | I40: =H40/$M$1 -> 0.0061032291 | J40: =I40+J39 -> 0.55710997
A41: 10.01.07 | B41: 620022025 | C41: P12 - PORTA DE ABRIR, 01 FOLHA, 0,90 MX2,10 M, EM ALUMÍNIO BRANCO C/LAMBRIL LISO E RÉGUAS DE 15CM, ACABAMENTO NATURAL, COM FECHADURA TIPO ALAVANCA, CONFORME ESPECIFICAÇÕES EM PROJETO - FORNECIMENTO E INSTALAÇÃO; | D41: un | E41: 4 | F41: 4455 | G41: 5473.41 | H41: 21893.64 | I41: =H41/$M$1 -> 0.0059723944 | J41: =I41+J40 -> 0.56308237
A42: 11.12 | B42: 87779 | C42: Emboço ou massa única em argamassa traço 1:2:8, preparo mecânico com betoneira 400 l, aplicada manualmente em panos de fachada com presença de vãos, espessura de 35 mm. Af_08/2022 (PAREDES EXTERNAS NOVAS) | D42: m² | E42: 258.62 | F42: 68.2 | G42: 83.79 | H42: 21669.77 | I42: =H42/$M$1 -> 0.0059113246 | J42: =I42+J41 -> 0.56899369
A43: 10.02.21 | B43: 619022025 | C43: J22 -FIXA EM ALUMÍNIO, 4,33 M X 0,25 M X2,97 M ,ANODIZADO NATURAL - FORNECIMENTO E INSTALAÇÃO; | D43: un | E43: 3 | F43: 5763.38 | G43: 7080.88 | H43: 21242.64 | I43: =H43/$M$1 -> 0.0057948073 | J43: =I43+J42 -> 0.5747885
A44: 10.01.14 | B44: 2020022025 | C44: PT03 - PORTA DE ABRIR, 02 FOLHAS, 3,60 MX 3,35 M, EM AÇO PATINÁVEL (CORTEN), PINTURA COM VERNIZ TRANSPARENTE, COM PUXADOR E PORTA-CADEADO EM AÇO ZINCADO, CONFORME ESPECIFICAÇÕES EM PROJETO - FORNECIMENTO E INSTALAÇÃO; | D44: un | E44: 1 | F44: 17150 | G44: 21070.49 | H44: 21070.49 | I44: =H44/$M$1 -> 0.0057478462 | J44: =I44+J43 -> 0.58053634
A45: 10.02.01 | B45: 21130225 | C45: J01- JANELA EM ALUMINIO COR BRANCA E VIDRO TEMPERADO 6MM - 1,50M X 0,85M CONFORME PROJETO - FORNECIMENTO E INSTALAÇÃO | D45: un | E45: 7 | F45: 2411.96 | G45: 2963.33 | H45: 20743.31 | I45: =H45/$M$1 -> 0.0056585944 | J45: =I45+J44 -> 0.58619494
A46: 09.07.04.14 | B46: 218022025 | C46: Metalon galvanizado 100x100mm, chapa 14, para descidas de água pluvial - fornecimento e instalação; REF SINAPI 101927 | D46: m | E46: 119.54 | F46: 140.34 | G46: 172.42 | H46: 20611.087 | I46: =H46/$M$1 -> 0.0056225251 | J46: =I46+J45 -> 0.59181746
A47: 16.03 | B47: 10203501 | C47: Fornecimento e instalação de climatizador 40.000m³/h. | D47: un | E47: 1 | F47: 16191.4 | G47: 19892.75 | H47: 19892.75 | I47: =H47/$M$1 -> 0.005426569 | J47: =I47+J46 -> 0.59724403
A48: 09.07.04.13 | B48: 89849 | C48: Tubo pvc, serie normal, esgoto predial, dn 150 mm, fornecido e instalado em subcoletor aéreo de esgoto sanitário. Af_08/2022 | D48: m | E48: 270.96 | F48: 58.3 | G48: 71.62 | H48: 19406.155 | I48: =H48/$M$1 -> 0.0052938302 | J48: =I48+J47 -> 0.60253786
A49: 09.03.11 | B49: 724022025 | C49: ELETRODUTO DE ACO GALVANIZADO, CLASSE LEVE, DN 25 MM (1), APARENTE, INSTALADO EM PAREDE - FORNECIMENTO E INSTALACAO REF AGESUL 1201004042 06/2024 | D49: m | E49: 120 | F49: 130.46 | G49: 160.28 | H49: 19233.6 | I49: =H49/$M$1 -> 0.0052467586 | J49: =I49+J48 -> 0.60778462
A50: 11.03 | B50: 1220525 | C50: REVESTIMENTO CERÂMICO BRANCO BRILHANTE, DIM. 31,7X61,5CM - REF SINAPI 87273 12/2024 | D50: m² | E50: 271.06 | F50: 57.64 | G50: 70.81 | H50: 19193.759 | I50: =H50/$M$1 -> 0.0052358903 | J50: =I50+J49 -> 0.61302051
A51: 13.06 | B51: 95305 | C51: Textura acrílica, aplicação manual em parede, uma demão. Af_04/2023 (COR BRANCA) | D51: m² | E51: 1161.01 | F51: 13.1 | G51: 16.09 | H51: 18680.651 | I51: =H51/$M$1 -> 0.0050959189 | J51: =I51+J50 -> 0.61811643
A52: 10.01.13 | B52: 1820022025 | C52: PT02 - PORTA DE ABRIR, 02 FOLHAS, 3,60 MX 3,16 M, EM AÇO PATINÁVEL (CORTEN), PINTURA COM VERNIZ TRANSPARENTE, COM PUXADOR E PORTA-CADEADO EM AÇO ZINCADO, CONFORME ESPECIFICAÇÕES EM PROJETO - FORNECIMENTO E INSTALAÇÃO; | D52: un | E52: 1 | F52: 15100 | G52: 18551.86 | H52: 18551.86 | I52: =H52/$M$1 -> 0.0050607859 | J52: =I52+J51 -> 0.62317722
A53: 06.02.05.03 | B53: 92772 | C53: Armação de laje de estrutura convencional de concreto armado utilizando aço ca-50 de 12,5 mm - montagem. Af_06/2022 | D53: kg | E53: 1588.9 | F53: 9.39 | G53: 11.53 | H53: 18320.017 | I53: =H53/$M$1 -> 0.0049975412 | J53: =I53+J52 -> 0.62817476
A54: 17.03 | B54: 12120225 | C54: GIRA-GIRA PCD METÁLICO FABRICADO EM AÇO CARBONO DE ALTA RESISTÊNCIA COM PINTURA ELETROSTATICA RESISTENTE A DETERIORAÇÃO CLIMÁTICA - FORNECIMENTO E INSTALAÇÃO | D54: un | E54: 1 | F54: 14565.42 | G54: 17895.07 | H54: 17895.07 | I54: =H54/$M$1 -> 0.0048816193 | J54: =I54+J53 -> 0.63305638
A55: 05.05.02 | B55: 97914 | C55: Transporte com caminhão basculante de 6 m³, em via urbana pavimentada, dmt até 30 km (unidade: m3xkm). Af_07/2020 | D55: m³xkm | E55: 4924.48 | F55: 2.91 | G55: 3.57 | H55: 17580.394 | I55: =H55/$M$1 -> 0.0047957783 | J55: =I55+J54 -> 0.63785216
A56: 13.07 | B56: 95305 | C56: Textura acrílica, aplicação manual em parede, uma demão. Af_04/2023 (COR BEGE) | D56: m² | E56: 1081.18 | F56: 13.1 | G56: 16.09 | H56: 17396.186 | I56: =H56/$M$1 -> 0.0047455282 | J56: =I56+J55 -> 0.64259768
A57: 15.18 | B57: 103946 | C57: Plantio de grama esmeralda ou são carlos ou curitibana, em placas. Af_07/2024 | D57: m² | E57: 1079.98 | F57: 12.98 | G57: 15.94 | H57: 17214.881 | I57: =H57/$M$1 -> 0.0046960697 | J57: =I57+J56 -> 0.64729375
A58: 10.02.05 | B58: 29130225 | C58: J05- JANELA EM ALUMINIO COR BRANCA E VIDRO TEMPERADO 6MM - 1,20M X 0,70M CONFORME PROJETO - FORNECIMENTO E INSTALAÇÃO | D58: un | E58: 8 | F58: 1712.56 | G58: 2104.05 | H58: 16832.4 | I58: =H58/$M$1 -> 0.0045917322 | J58: =I58+J57 -> 0.65188549
A59: 06.02.07.04 | B59: 103342 | C59: Alvenaria de vedação de blocos vazados de concreto de 14x19x29 cm (espessura 14 cm) e argamassa de assentamento com preparo em betoneira. Af_12/2021 | D59: m² | E59: 110.43 | F59: 120.91 | G59: 148.55 | H59: 16404.377 | I59: =H59/$M$1 -> 0.0044749711 | J59: =I59+J58 -> 0.65636046
A60: 05.02.01 | B60: 104790 | C60: Demolição de piso de concreto simples, de forma mecanizada com martelete, sem reaproveitamento. Af_09/2023 | D60: m³ | E60: 116.21 | F60: 114.55 | G60: 140.73 | H60: 16354.233 | I60: =H60/$M$1 -> 0.0044612925 | J60: =I60+J59 -> 0.66082175
A61: 06.02.02.01 | B61: 92762 | C61: Armação de pilar ou viga de estrutura convencional de concreto armado utilizando aço ca-50 de 10,0 mm - montagem. Af_06/2022 | D61: kg | E61: 1142.5 | F61: 11.62 | G61: 14.27 | H61: 16303.475 | I61: =H61/$M$1 -> 0.0044474461 | J61: =I61+J60 -> 0.6652692
A62: 10.01.02 | B62: 1419022025 | C62: P05 - PORTA DE CORRER 03 FOLHAS, 3,50MX2,10M, EM ALUMÍNIO E VIDRO TEMPERADO 10MM, PINTURA EM ESMALTE SINTÉTICO, COR AZUL, COM PUXADOR INOX DE 20 CM E FECHADURA TIPO BICO DE PAPAGAIO, CONFORME ESPECIFICAÇÕES EM PROJETO - FORNECIMENTO E INSTALAÇÃO; | D62: un | E62: 1 | F62: 12810 | G62: 15738.36 | H62: 15738.36 | I62: =H62/$M$1 -> 0.0042932876 | J62: =I62+J61 -> 0.66956248
A63: 15.25 | B63: 6040225 | C63: PALMEIRA CICA MOLE - Cyca circinallis REF SINAPI 98510 12/2024 | D63: un | E63: 18 | F63: 706.22 | G63: 867.66 | H63: 15617.88 | I63: =H63/$M$1 -> 0.0042604217 | J63: =I63+J62 -> 0.67382291
A64: 10.01.15 | B64: 2220022025 | C64: Estrutura Envoltório, 3,20mx3,20m - tipo painel com fechamento em veneziana perfurada em alumínio, conforme especificações em projeto; | D64: un | E64: 1 | F64: 12500 | G64: 15357.5 | H64: 15357.5 | I64: =H64/$M$1 -> 0.0041893923 | J64: =I64+J63 -> 0.6780123
A65: 09.07.04.12 | B65: 89714 | C65: Tubo pvc, serie normal, esgoto predial, dn 100 mm, fornecido e instalado em ramal de descarga ou ramal de esgoto sanitário. Af_08/2022 | D65: m | E65: 334.33 | F65: 37.37 | G65: 45.91 | H65: 15349.09 | I65: =H65/$M$1 -> 0.0041870982 | J65: =I65+J64 -> 0.6821994
A66: 09.02.02 | B66: 92990 | C66: Cabo de cobre flexível isolado, 70 mm², anti-chama 0,6/1,0 kv, para rede enterrada de distribuição de energia elétrica - fornecimento e instalação. Af_12/2021 | D66: m | E66: 150 | F66: 79.92 | G66: 98.18 | H66: 14727 | I66: =H66/$M$1 -> 0.0040173974 | J66: =I66+J65 -> 0.68621679
A67: 09.11.24 | B67: 151515 | C67: Revisão do Projeto de Estruturas Metálicas para incluir a cobertura de nova caixa d'água. | D67: un | E67: 1 | F67: 11723.2 | G67: 14403.12 | H67: 14403.12 | I67: =H67/$M$1 -> 0.0039290458 | J67: =I67+J66 -> 0.69014584
A68: 19.02 | B68: 12300100 | C68: Limpeza final de obra (LIMPEZA DE ÁREAS COM PISO EM CONCRETO E DEMAIS PISOS EXTERNOS) | D68: m² | E68: 3250.63 | F68: 3.45 | G68: 4.23 | H68: 13750.165 | I68: =H68/$M$1 -> 0.0037509253 | J68: =I68+J67 -> 0.69389676
A69: 16.02 | B69: 103253 | C69: Ar condicionado split inverter, hi-wall (parede), 24000 btu/h, ciclo frio - fornecimento e instalação. Af_11/2021_pe | D69: un | E69: 2 | F69: 5540.51 | G69: 6807.07 | H69: 13614.14 | I69: =H69/$M$1 -> 0.0037138189 | J69: =I69+J68 -> 0.69761058
A70: 10.01.03 | B70: 1619022025 | C70: P06 - PORTA DE CORRER E FIXA 04 FOLHAS, 2,90MX2,10M, EM ALUMÍNIO E VIDRO TEMPERADO 10MM, PINTURA EM ESMALTE SINTÉTICO, COR AZUL, COM PUXADOR INOX DE 20 CM E FECHADURA TIPO BICO DE PAPAGAIO, CONFORME ESPECIFICAÇÕES EM PROJETO - FORNECIMENTO E INSTALAÇÃO; | D70: un | E70: 1 | F70: 11020 | G70: 13539.17 | H70: 13539.17 | I70: =H70/$M$1 -> 0.0036933677 | J70: =I70+J69 -> 0.70130395
A71: 09.01.01 | B71: 826022025 | C71: Entrada de serviço, em baixa tensão, com caixa de medição instalada em mureta de alvenaria (1 1/2 vez), medindo 1,20x2,10m, conforme padrão energisa, categoria Trifásico 52,24 a 75 kw; REF AGESUL 1201009018 06/2024; | D71: un | E71: 1 | F71: 10944.57 | G71: 13446.49 | H71: 13446.49 | I71: =H71/$M$1 -> 0.0036680854 | J71: =I71+J70 -> 0.70497204
A72: 05.04.07 | B72: 97631 | C72: Demolição de argamassas, de forma manual, sem reaproveitamento. Af_09/2023 (PAREDES EXISTENTES (CORREÇÃO DE PATOLOGIAS) ) | D72: m² | E72: 976.56 | F72: 11.1 | G72: 13.63 | H72: 13310.513 | I72: =H72/$M$1 -> 0.003630992 | J72: =I72+J71 -> 0.70860303
A73: 06.01.01.09 | B73: 96546 | C73: Armação de bloco utilizando aço ca-50 de 10 mm - montagem. Af_01/2024 | D73: kg | E73: 741.99 | F73: 14.4 | G73: 17.69 | H73: 13125.803 | I73: =H73/$M$1 -> 0.0035806048 | J73: =I73+J72 -> 0.71218363
A74: 09.03.01 | B74: 98297 | C74: Cabo eletrônico categoria 6, instalado em edificação institucional - fornecimento e instalação. Af_11/2019 | D74: m | E74: 1050 | F74: 10.17 | G74: 12.49 | H74: 13114.5 | I74: =H74/$M$1 -> 0.0035775214 | J74: =I74+J73 -> 0.71576115
A75: 7.03 | B75: 121022025 | C75: Chapim (rufo capa) em aço galvanizado, corte 40 cm. REF SINAPI 101979 12/2024; | D75: m | E75: 225.77 | F75: 46.32 | G75: 56.9 | H75: 12846.313 | I75: =H75/$M$1 -> 0.0035043624 | J75: =I75+J74 -> 0.71926552
A76: 06.02.01.05 | B76: 94965 | C76: Concreto fck = 25mpa, traço 1:2,3:2,7 (em massa seca de cimento/ areia média/ brita 1) - preparo mecânico com betoneira 400 l. Af_05/2021 | D76: m³ | E76: 21.21 | F76: 492.82 | G76: 605.47 | H76: 12842.019 | I76: =H76/$M$1 -> 0.0035031909 | J76: =I76+J75 -> 0.72276871
A77: 12.01.03 | B77: 2070225 | C77: INSTALAÇÃO DE PISO CERÂMICO EXTRUDADO ESMALTADO, PEI 5, ANTIDERRAPANTE, COR: CINZA CLARO, 30X30CM. REF SINAPI 87248 12/2024 | D77: m² | E77: 200.81 | F77: 50.67 | G77: 62.25 | H77: 12500.423 | I77: =H77/$M$1 -> 0.0034100064 | J77: =I77+J76 -> 0.72617871
A78: 06.02.01.08 | B78: 93358 | C78: Escavação manual de vala. Af_09/2024 | D78: m³ | E78: 122.37 | F78: 82.91 | G78: 101.86 | H78: 12464.608 | I78: =H78/$M$1 -> 0.0034002366 | J78: =I78+J77 -> 0.72957895
A79: 09.07.01.01 | B79: 1012022025 | C79: CAIXA DE AREIA, EM ALVENARIA, (0,60X0,60X0,60) M | D79: un | E79: 31 | F79: 323.48 | G79: 397.42 | H79: 12320.02 | I79: =H79/$M$1 -> 0.0033607942 | J79: =I79+J78 -> 0.73293974
A80: 06.02.07.03 | B80: 102722 | C80: Dreno em muro de contenção, executado no pé do muro, com tubo de pead corrugado flexível perfurado, enchimento com brita, envolvido com manta geotêxtil. Af_07/2021 | D80: m | E80: 142.88 | F80: 69.3 | G80: 85.14 | H80: 12164.803 | I80: =H80/$M$1 -> 0.0033184524 | J80: =I80+J79 -> 0.7362582
A81: 10.01.12 | B81: 1620022025 | C81: PT01 - PORTA DE ABRIR, 02 FOLHAS, 1,87 MX 4,02 M, EM AÇO PATINÁVEL (CORTEN), PINTURA COM VERNIZ TRANSPARENTE, COM PUXADOR E PORTA-CADEADO EM AÇO ZINCADO, CONFORME ESPECIFICAÇÕES EM PROJETO - FORNECIMENTO E INSTALAÇÃO; | D81: un | E81: 1 | F81: 9570 | G81: 11757.7 | H81: 11757.7 | I81: =H81/$M$1 -> 0.0032073982 | J81: =I81+J80 -> 0.7394656
A82: 11.05 | B82: 1226022025 | C82: Rodameio em poliestireno, incluso pintura cor ébano- fornecimento e instalação; | D82: m | E82: 159.07 | F82: 58.58 | G82: 71.97 | H82: 11448.268 | I82: =H82/$M$1 -> 0.0031229878 | J82: =I82+J81 -> 0.74258858
A83: 13.05 | B83: 88415 | C83: Aplicação manual de fundo selador acrílico em paredes externas de casas. Af_03/2024 | D83: m² | E83: 2242.19 | F83: 4.09 | G83: 5.02 | H83: 11255.794 | I83: =H83/$M$1 -> 0.0030704826 | J83: =I83+J82 -> 0.74565907
A84: 12.01.07 | B84: 227022025 | C84: Rodapé Arredondado Cerâmico cinza 300x100x9mm , aplicado com argamassa industrializada ac-i, rejuntado - fornecimento e instalação; REF ORSE 12079 12/2024 Adaptado; | D84: m | E84: 117.05 | F84: 77.96 | G84: 95.78 | H84: 11211.049 | I84: =H84/$M$1 -> 0.0030582766 | J84: =I84+J83 -> 0.74871734
A85: 10.02.11 | B85: 41130225 | C85: J11- JANELA EM ALUMINIO COR BRANCA E VIDRO TEMPERADO 6MM - 2,00M X 1,20M CONFORME PROJETO - FORNECIMENTO E INSTALAÇÃO | D85: un | E85: 2 | F85: 4525.05 | G85: 5559.47 | H85: 11118.94 | I85: =H85/$M$1 -> 0.00303315 | J85: =I85+J84 -> 0.75175049
A86: 13.02 | B86: 88488 | C86: Pintura látex acrílica premium, aplicação manual em teto, duas demãos. Af_04/2023 | D86: m² | E86: 621.29 | F86: 14.56 | G86: 17.88 | H86: 11108.665 | I86: =H86/$M$1 -> 0.0030303472 | J86: =I86+J85 -> 0.75478084
A87: 10.01.06 | B87: 420022025 | C87: P11 - PORTA DE ABRIR, 01 FOLHA, 0,95 MX2,10 M, EM ALUMÍNIO BRANCO C/LAMBRIL LISO E RÉGUAS DE 15CM, ACABAMENTO NATURAL, COM FECHADURA TIPO ALAVANCA, CONFORME ESPECIFICAÇÕES EM PROJETO - FORNECIMENTO E INSTALAÇÃO; | D87: un | E87: 2 | F87: 4517.5 | G87: 5550.2 | H87: 11100.4 | I87: =H87/$M$1 -> 0.0030280925 | J87: =I87+J86 -> 0.75780893
A88: 06.02.04.04 | B88: 94965 | C88: Concreto fck = 25mpa, traço 1:2,3:2,7 (em massa seca de cimento/ areia média/ brita 1) - preparo mecânico com betoneira 400 l. Af_05/2021 | D88: m³ | E88: 18.18 | F88: 492.82 | G88: 605.47 | H88: 11007.445 | I88: =H88/$M$1 -> 0.0030027351 | J88: =I88+J87 -> 0.76081167
A89: 06.02.02.04 | B89: 94965 | C89: Concreto fck = 25mpa, traço 1:2,3:2,7 (em massa seca de cimento/ areia média/ brita 1) - preparo mecânico com betoneira 400 l. Af_05/2021 | D89: m³ | E89: 18.13 | F89: 492.82 | G89: 605.47 | H89: 10977.171 | I89: =H89/$M$1 -> 0.0029944767 | J89: =I89+J88 -> 0.76380614
A90: 06.02.01.02 | B90: 104919 | C90: Armação de sapata isolada, viga baldrame e sapata corrida utilizando aço ca-50 de 10 mm - montagem. Af_01/2024 | D90: kg | E90: 667.4 | F90: 13.2 | G90: 16.21 | H90: 10818.554 | I90: =H90/$M$1 -> 0.0029512074 | J90: =I90+J89 -> 0.76675735
A91: 11.13 | B91: 87792 | C91: Emboço ou massa única em argamassa traço 1:2:8, preparo mecânico com betoneira 400 l, aplicada manualmente em panos cegos de fachada (sem presença de vãos), espessura de 25 mm. Af_08/2022 (PARA REVESTIMENTO DE CANTEIROS E MURO DE ARRIMO) | D91: m² | E91: 221.45 | F91: 39.36 | G91: 48.35 | H91: 10707.108 | I91: =H91/$M$1 -> 0.0029208057 | J91: =I91+J90 -> 0.76967816
A92: 14.15 | B92: PMC 139 | C92: BANCADA DE GRANITO CINZA POLIDO – FORNECIMENTO E INSTALAÇÃO. (INSTALAÇÃO DE RODOBANCA DE GRANITO CINZA ANDORINHA) | D92: m² | E92: 11.06 | F92: 786.29 | G92: 966.03 | H92: 10684.292 | I92: =H92/$M$1 -> 0.0029145818 | J92: =I92+J91 -> 0.77259274
A93: 09.02.03 | B93: 92988 | C93: Cabo de cobre flexível isolado, 50 mm², anti-chama 0,6/1,0 kv, para rede enterrada de distribuição de energia elétrica - fornecimento e instalação. Af_12/2021 | D93: m | E93: 150 | F93: 57.67 | G93: 70.85 | H93: 10627.5 | I93: =H93/$M$1 -> 0.0028990895 | J93: =I93+J92 -> 0.77549183
A94: 10.02.10 | B94: 39130225 | C94: J10- JANELA EM ALUMINIO COR BRANCA E VIDRO TEMPERADO 6MM - 1,82M X 1,20M CONFORME PROJETO - FORNECIMENTO E INSTALAÇÃO | D94: un | E94: 2 | F94: 4190.32 | G94: 5148.22 | H94: 10296.44 | I94: =H94/$M$1 -> 0.0028087792 | J94: =I94+J93 -> 0.77830061
A95: 06.02.04.01 | B95: 104109 | C95: Armação de pilar ou viga de estrutura de concreto armado embutida em alvenaria de vedação utilizando aço ca-50 de 8,0 mm - montagem. Af_06/2022 | D95: kg | E95: 513.4 | F95: 16.08 | G95: 19.75 | H95: 10139.65 | I95: =H95/$M$1 -> 0.0027660082 | J95: =I95+J94 -> 0.78106662
A96: 14.06 | B96: 12200029 | C96: Banco de Concreto - 2,00 x 0,50m - MO EC | D96: un | E96: 18 | F96: 457.77 | G96: 562.41 | H96: 10123.38 | I96: =H96/$M$1 -> 0.0027615699 | J96: =I96+J95 -> 0.78382819
A97: 17.02 | B97: 7110225 | C97: INSTALAÇÃO DE ESCORREGADOR DE MADEIRA COM ATENDIMENTO AS NORMAS DE SEGURANÇA PARA PLAYGROUND NBR 16071 | D97: un | E97: 2 | F97: 4086.26 | G97: 5020.37 | H97: 10040.74 | I97: =H97/$M$1 -> 0.0027390265 | J97: =I97+J96 -> 0.78656721
A98: 09.02.06 | B98: 92980 | C98: Cabo de cobre flexível isolado, 10 mm², anti-chama 0,6/1,0 kv, para distribuição - fornecimento e instalação. Af_10/2020 | D98: m | E98: 730 | F98: 10.97 | G98: 13.47 | H98: 9833.1 | I98: =H98/$M$1 -> 0.0026823841 | J98: =I98+J97 -> 0.7892496
A99: 15.24 | B99: 4040225 | C99: MOREA FLOR BRANCA - Morea huttonii REF SINAPI 98510 12/2024 | D99: un | E99: 157 | F99: 50.61 | G99: 62.17 | H99: 9760.69 | I99: =H99/$M$1 -> 0.0026626313 | J99: =I99+J98 -> 0.79191223
A100: 14.25 | B100: ESPEL001 | C100: Espelho cristal espessura 4mm, com moldura em alumínio e compensado 6m m plastificado colado - ref. cód. 74125/002 (incluso cantoneira de alumínio) | D100: m² | E100: 13.04 | F100: 605.99 | G100: 744.51 | H100: 9708.4104 | I100: =H100/$M$1 -> 0.0026483698 | J100: =I100+J99 -> 0.7945606
...
